 Dungeon Crawl Stone Soup version 0.32-a0-913-g739538afd8 (webtiles) character file.

Game seed: 15549311845341201163

11022275 GordonOverkill the Annihilator (level 27, 228/228 HPs)
             Began as a Djinni Delver on Mar 19, 2024.
             Was the Champion of the Shining One.
             Escaped with the Orb
             ... and 15 runes on Apr 9, 2024!
             The game lasted 14:43:41 (151666 turns).

GordonOverkill the Annihilator (Djinni Delver)    Turns: 151666, Time: 14:43:42

Health: 228/228    AC: 43    Str: 27    XL:     27
Gold:   11588      EV: 28    Int: 44    God:    the Shining One [******] SH: 42 Dex: 19

rFire   + + +        p - +10 scimitar of Gloom {venom, ^Fragile +Blink rElec Str+8}
rCold   + . .        y - +8 tower shield {reflect}
rNeg    + + +        a - +13 plate armour of Forez {Int+7 Stlth+}
rPois   ∞            j - +0 hat of the Mind {rF+ Will+++ Str+3 Stlth-}
rElec   +            C - +2 cloak "Kefotem" {Int+4}
rCorr   .            Z - +2 pair of gloves of the Game of Kings {Int+4}
SInv    .            (boots unavailable)
Will    +++++        X - brooch of Shielding {Spirit SH+8} Stlth
                     m - ring of Byubareu {rC++ EV+5 Dex-2}
HPRegen 1.38/turn    Y - ring of Pirch {rF+ Str+6 Int+6 Stlth-}

%: reflection, clarity, guardian spirit
@: flying, glowing, studying 6 skills
A: sickness immunity, fire resistance 2, cold vulnerability 1, float, innate
caster, HP casting, extra vitality 1, agile 1, clarity, regeneration 1,
screaming 1, persistent drain
0: Orb of Zot
}: 15/15 runes: barnacled, slimy, silver, golden, iron, obsidian, icy, bone,
abyssal, demonic, glowing, magical, fiery, dark, gossamer
a: Renounce Religion, Evoke Blink, Divine Shield, Cleansing Flame, Summon Divine
Warrior


You escaped.
You worshipped the Shining One.
The Shining One was exalted by your worship.
You visited 18 branches of the dungeon, and saw 87 of its levels.
You visited Pandemonium 1 time, and saw 19 of its levels.
You visited the Abyss 3 times.
You completed 1 ziggurat, and saw 27 of its levels.
You also visited: Ice Cave.

You collected 39126 gold pieces.
You spent 9609 gold pieces at shops.
You paid 17929 gold pieces to Gozag.

Inventory:

Hand Weapons
 n - a +9 trishula of holy wrath
 p - the +10 scimitar of Gloom (weapon) {venom, ^Fragile +Blink rElec Str+8}
   (You found it on level 17 of a ziggurat)

   Str+8:     It affects your strength (+8).
   rElec:     It insulates you from electricity.
   +Blink:    It lets you blink.
   ^Fragile:  It will be destroyed if unequipped.
 G - the +6 trident of Annoyance {speed, Str+6}
   (You took it off a yaktaur captain on level 5 of the Vaults)

   Str+6:     It affects your strength (+6).
Missiles
 L - 12 throwing nets
 M - 27 curare-tipped darts (quivered)
 S - 6 silver javelins
Armour
 a - the +13 plate armour of Forez (worn) {Int+7 Stlth+}
   (You took it off a deep elf high priest on level 5 of the Vaults)

   Int+7:     It affects your intelligence (+7).
   Stlth+:    It makes you more stealthy.
 b - a +2 helmet of intelligence
 j - the +0 hat of the Mind (worn) {rF+ Will+++ Str+3 Stlth-}
   (You found it on level 22 of a ziggurat)

   Str+3:     It affects your strength (+3).
   rF+:       It protects you from fire.
   Will+++:   It greatly increases your willpower.
   Stlth-:    It makes you less stealthy.
 y - a +8 tower shield of reflection (worn)
 C - the +2 cloak "Kefotem" (worn) {Int+4}
   (You bought it in a shop on level 5 of the Realm of Zot)

   Int+4:     It affects your intelligence (+4).
 Z - the +2 pair of gloves of the Game of Kings (worn) {Int+4}
   (You bought it in a shop on level 5 of the Realm of Zot)

   Int+4:     It affects your intelligence (+4).
Jewellery
 e - the amulet "Wemufoy" {Regen+ Slay+2}
   (You found it on level 15 of a ziggurat)

   [amulet of regeneration]

   Slay+2:    It affects your accuracy & damage with ranged weapons and melee
   (+2).
   Regen+:    It increases your rate of health regeneration.
 l - the ring of the Hare {EV+10}
   (You found it on level 2 of the Realm of Zot)

   [ring of evasion]

   EV+10:     It affects your evasion (+10).
 m - the ring of Byubareu (left hand) {rC++ EV+5 Dex-2}
   (You found it on level 10 of the Dungeon)

   [ring of evasion]

   EV+5:      It affects your evasion (+5).
   Dex-2:     It affects your dexterity (-2).
   rC++:      It greatly protects you from cold.
 z - the ring of the Death Scarab {rPois rF+ rC+ Int+6 SInv}
   (You found it on level 27 of a ziggurat)

   [ring of intelligence]

   Int+6:     It affects your intelligence (+6).
   rF+:       It protects you from fire.
   rC+:       It protects you from cold.
   rPois:     It protects you from poison.
   SInv:      It lets you see invisible.
 T - the ring of Ymalacviu {rElec rPois rN++}
   (You found it on level 3 of the Tomb of the Ancients)

   [ring of poison resistance]

   rElec:     It insulates you from electricity.
   rPois:     It protects you from poison.
   rN++:      It greatly protects you from negative energy.
 X - the brooch of Shielding (around neck) {Spirit SH+8}
   (You found it on level 23 of a ziggurat)

   [amulet of guardian spirit]

   Spirit:    It causes incoming damage to be divided between your reserves of
   health and magic.
   SH+8:      It affects your SH (+8).
 Y - the ring of Pirch (right hand) {rF+ Str+6 Int+6 Stlth-}
   (You found it on level 22 of a ziggurat)

   [ring of strength]

   Str+6:     It affects your strength (+6).
   Int+6:     It affects your intelligence (+6).
   rF+:       It protects you from fire.
   Stlth-:    It makes you less stealthy.
Wands
 g - a wand of digging (33)
 x - a wand of light (67)
 R - a wand of mindburst (77)
 U - a wand of warping (144)
 V - a wand of paralysis (154)
Scrolls
 c - 24 scrolls of fog
 f - 8 scrolls of vulnerability
 i - 85 scrolls of identify
 k - 18 scrolls of immolation
 u - 3 scrolls of blinking
 A - 40 scrolls of teleportation
 E - 2 scrolls of enchant armour
 F - 7 scrolls of silence
 N - 11 scrolls of fear
 O - 4 scrolls of summoning
 W - 18 scrolls of revelation
Potions
 h - 13 potions of curing
 o - 15 potions of lignification
 q - 17 potions of haste
 r - 11 potions of brilliance
 s - 15 potions of ambrosia
 t - 7 potions of berserk rage
 v - 21 potions of mutation
 B - 11 potions of might
 D - 4 potions of heal wounds
 I - 13 potions of enlightenment
 Q - 11 potions of cancellation
Miscellaneous
 d - a sack of spiders
 w - a phantom mirror
 H - a phial of floods
 J - a condenser vane
 K - a lightning rod (4/4)
 P - 2 +1 figurines of a ziggurat


   Skills:
 O Level 27 Fighting
 - Level 10.0(20.1) Short Blades
 O Level 27 Long Blades
 - Level 6.0 Maces & Flails
 - Level 14.0 Polearms
 + Level 12.2 Throwing
 O Level 27 Armour
 O Level 27 Dodging
 - Level 4.1 Stealth
 O Level 27 Shields
 O Level 27 Spellcasting
 O Level 27 Conjurations
 O Level 27 Hexes
 O Level 27 Summonings
 O Level 27 Necromancy
 O Level 27 Translocations
 O Level 27 Fire Magic
 O Level 27 Ice Magic
 O Level 27 Air Magic
 O Level 27 Earth Magic
 O Level 27 Alchemy
 O Level 27 Invocations
 O Level 27 Evocations


You knew the following spells:

 Your Spells              Type           Power      Damage    Failure   Level
a - Necrotise             Necr           100%       1d9       0%          1
b - Static Discharge      Conj/Air       100%       3-8/arc   0%          2
c - Ozocubu's Armour      Ice            100%       N/A       0%          3
d - Inner Flame           Hex/Fire       100%       N/A       0%          3
e - Petrify               Alch/Erth      100%       N/A       0%          4
f - Summon Forest         Summ/Tloc      69%        N/A       0%          5
g - Starburst             Conj/Fire      69%        6d18      0%          6
h - Death Channel         Necr           69%        N/A       0%          6
i - Conjure Ball Lightni  Conj/Air       69%        3x3d26    0%          6
j - Maxwell's Capacitive  Air            69%        ∞         1%          8
k - Malign Gateway        Summ/Tloc      69%        N/A       0%          7
l - Polar Vortex          Ice            69%        12d9*     1%          9
m - Chain Lightning       Conj/Air       69%        3d92      1%          9
Your spell library was empty.

Dungeon Overview and Level Annotations

Branches:
Dungeon (15/15)            Temple (1/1) D:7            Lair (5/5) D:10
 Shoals (4/4) Lair:3       Spider (4/4) Lair:2        Slime (5/5) Lair:5
    Orc (2/2) D:10            Elf (3/3) Orc:2        Vaults (5/5) D:14
  Crypt (3/3) Vaults:2       Tomb (3/3) Crypt:3      Depths (4/4) D:15
   Hell (visited)             Dis (7/7) Hell            Geh (7/7) Hell
    Coc (7/7) Hell            Tar (7/7) Hell            Zot (5/5) Depths:4
  IceCv (visited)

Altars:
Ashenzari
Cheibriados
Dithmenos
Elyvilon
Fedhas
Gozag
Hepliaklqana
Makhleb
Nemelex Xobeh
Okawaru
Qazlal
Ru
Trog
Uskayaw
Wu Jian
Xom
Yredelemnul
Zin
The Shining One
Beogh
Jiyva

Shops:
D:3 [   D:8 [!   D:11 [   D:13 :   Orc:2 [:[*   Shoals:1 :*:(*   Vaults:1 ?
Vaults:2 (   Vaults:3 *   Vaults:4 *   Zot:5 *=!**[[*[[[[[   Depths:3 *

Portals:
Hell: Depths:1 Depths:2 Depths:3 Depths:4
Abyss: D:6 Depths:2 Depths:3
Pandemonium: Depths:1 Depths:2

Annotations:
D:6 2 transporters, G0Dl1kE's ghost, novice DrSh
Depths:3 4 transporters


Innate Abilities, Weirdness & Mutations

You are immune to sickness and miasma.
You are immune to poison.
Your flesh is very heat resistant. (rF++)
You are vulnerable to cold. (rC-)
You float through the air rather than walking.
You learn spells naturally, not from books.
Your magical power is your life essence.
You have superior vitality. (+4 MHP)
You are agile. (Dex +4, Str/Int -1)
You possess an exceptional clarity of mind.
Your natural rate of healing is unusually fast.
You occasionally shout uncontrollably at your foes.
Your health recovers twice as slowly from being drained.


Message History

Casting: Chain Lightning (mildly dangerous; 1% risk of failure)
Confirm with . or Enter, or press ? or * to list all spells.
Lightning arcs from your hands!
The bolt of lightning hits the Orb Guardian!!
The Orb Guardian is moderately wounded.
Casting: Chain Lightning (mildly dangerous; 1% risk of failure)
Confirm with . or Enter, or press ? or * to list all spells.
Lightning arcs from your hands!
The bolt of lightning hits the Orb Guardian!!
The Orb Guardian is heavily wounded.
Casting: Chain Lightning (mildly dangerous; 1% risk of failure)
Confirm with . or Enter, or press ? or * to list all spells.
Lightning arcs from your hands!
The bolt of lightning hits the Orb Guardian!!!!
You kill the Orb Guardian!
The bolt of lightning hits you. You resist.
A tormentor comes into view.
You have mastered Long Blades!
Casting: Chain Lightning (mildly dangerous; 1% risk of failure)
Confirm with . or Enter, or press ? or * to list all spells.
Lightning arcs from your hands!
The bolt of lightning hits the tormentor!!!!
You kill the tormentor!
The Shining One accepts your kill.
The bolt of lightning hits you but does no damage.
Things that are here:
a +0 ring mail; a +0 dagger; an orc skeleton You see here a +0 falchion.
There is a stone staircase leading up here.
You fly upwards.
There is a stone staircase leading down here.
Things that are here:
a +0 ring mail; a +0 mace HP restored.
There is a sacrificial altar of Ru here.
There is an escape hatch in the ceiling here.
A mysterious force pulls you upwards. The hatch slams shut behind you.
There is an open door here.
There is a staircase leading out of the dungeon here.
You have escaped!

#.............#.###.## #.....
#...........###.###..### #.....
#..........##.....##...# #####†
#.........#'.......'#..## #.
#........##.........##..# #.
#.......##...........##.## #.
####....#.............#..######[
#....#.............#......##.
#....#).....@......#.####....
##...#.............#.##...^#.
###.#.............#.......#.
####...........##.......#.
##'.........######....#.
#.##.......##.####....#.
#.###.....###.....####.. #.#
##...########.## #.# ####### #.#
##.#'.# #..###.#


There were no monsters in sight!

Vanquished Creatures
  Cerebov (Pan)
  Antaeus (Coc:7)
  Asmodeus (Geh:7)
  the Royal Jelly (Slime:5)
  Gloorx Vloq (Pan)
  Ereshkigal (Tar:7)
  Mnoleg (Pan)
  17 pandemonium lords
  the Serpent of Hell (Geh:7)
  A seraph (Pan)
  Dispater (Dis:7)
  Lom Lobon (Pan)
  10 dread liches
  10 orbs of fire
  Mennas (Pan)
  4 ancient liches
  3 juggernauts (Dis:7)
  49 royal mummies
  Xtahua (Depths:3)
  Boris (thrice) (Depths:3 Crypt:2 Zot:4)
  Parghit (Depths:3)
  11 shard shrikes
  8 Killer Klowns
  4 curse toes
  8 caustic shrikes
  Geryon (Hell)
  20 profane servitors
  21 bone dragons
  16 golden dragons
  3 pearl dragons
  Arachne (Spider:4)
  19 iron giants
  6 doom hounds
  2 spectral shard shrikes
  3 electric golems
  29 Tzitzimimeh
  27 Brimstone Fiends
  16 hellephants
  24 tainted leviathans
  23 tentacled monstrosities
  30 Ice Fiends
  A walking earthen tome (Zig:15)
  Mlioglotl (Shoals:2)
  21 Hell Sentinels
  5 quicksilver dragons
  13 liches
  29 Orb Guardians
  Asterion (Vaults:3)
  22 searing wretches
  5 deep elf master archers
  A walking divine tome (Depths:3)
  2 walking frostbound tomes (Zig:22)
  15 titans
  28 acid blobs
  12 sphinxes
  35 ancient champions
  10 deep elf blademasters
  10 tentacled starspawn
  40 Executioners
  Polyphemus (Shoals:3)
  5 eldritch tentacles
  9 death cobs
  14 storm dragons
  9 tengu reavers
  11 shadow dragons
  14 rockslimes
  13 draconian monks
  24 demonspawn warmongers
  Ilsuiw (Shoals:3)
  6 nagarajas
  36 azure jellies
  10 fenstrider witches (Zig:27)
  11 draconian shifters
  33 narguns
  20 daevas
  8 protean progenitors
  19 fire giants
  9 emperor scorpions
  15 draconian knights
  11 deep elf sorcerers
  10 quicksilver elementals
  21 draconian scorchers
  Louise (Elf:3)
  5 revenants
  21 frost giants
  8 draconian stormcallers
  21 iron dragons
  70 balrugs
  8 shard shrike simulacra
  4 spectral caustic shrikes
  7 ghouls
  31 vault wardens
  3 curse skulls
  10 ghost moths
  17 ironbound preservers
  2 caustic shrike zombies
  4 deep elf elementalists
  52 reapers
  3 juggernaut zombies
  16 demonspawn corrupters
  33 angels
  13 demonspawn blood saints
  21 ophanim
  36 cacodemons
  An orc warlord (Vaults:2)
  17 quicksilver oozes
  8 juggernaut skeletons
  11 caustic shrike skeletons
  15 draconian annihilators
  23 very ugly things
  A spriggan defender (Depths:3)
  14 stone giants
  7 ironbound thunderhulks
  A broodmother (shapeshifter) (Zig:8)
  5 broodmothers
  4 formless jellyfish
  17 black draconians
  18 elemental wellsprings
  10 deep elf demonologists
  29 lorocyprocas
  9 vampire knights
  36 putrid mouths
  6 bunyips
  33 apis
  3 eleionomae (Zig:27)
  11 red draconians
  21 demonspawn black suns
  14 dire elephants
  14 yellow draconians
  15 deep elf annihilators
  25 war gargoyles
  6 deep elf death magi
  17 white draconians
  24 bennus
  17 wendigos
  2 spark wasps (Spider:4)
  12 green draconians
  2 spectral titans (Tar:2)
  A shapeshifter (Zig:8)
  17 iron golems
  7 eidola
  10 purple draconians
  Josephine (Orc:2)
  3 spectral quicksilver dragons
  A crystal guardian (Abyss:1)
  32 blizzard demons
  A spectral kraken (Tar:7)
  5 shambling mangroves (Zig:27)
  15 yaktaur captains
  5 merfolk impalers
  2 entropy weavers (shapeshifter)
  8 jiangshi
  40 mummy priests
  40 green deaths
  11 deep elf high priests
  9 merfolk javelineers
  13 ettins
  3 fire dragons
  12 great orbs of eyes
  2 quicksilver dragon zombies
  A quicksilver dragon skeleton (Zig:21)
  A kraken zombie (Hell)
  13 salamander tyrants
  6 entropy weavers
  A servant of whispers (Zig:21)
  Harold (D:11)
  12 rakshasas
  6 spectral spriggans
  3 ice dragons
  15 caustic shrike simulacra
  3 peacekeepers (Vaults:3)
  11 hydras
  3 jorogumos
  33 vault guards
  An anaconda (Zig:16)
  A spriggan zombie (Depths:3)
  6 radroaches
  15 ironbound frosthearts
  16 centaur warriors
  15 hell beasts
  10 juggernaut simulacra
  2 ogre magi
  3 spriggan air magi
  22 stokers
  A fenstrider witch skeleton (Tomb:3)
  3 merfolk avatars
  6 catoblepae
  12 two-headed ogres
  5 death knights
  63 dancing weapons
  4 spectral stone giants
  3 alligator snapping turtles
  11 boulder beetles
  A spriggan skeleton (Zig:18)
  6 deep troll shamans
  4 death yaks
  7 merfolk aquamancers
  A quicksilver ooze zombie (Crypt:3)
  30 death scarabs
  5 deep troll earth magi
  A satyr (Shoals:3)
  5 tengu warriors
  31 hell hogs
  31 demonic crawlers
  9 vampire magi
  4 naga sharpshooters
  2 orc high priests
  4 spectral dire elephants
  Nergalle (D:11)
  8 spriggan berserkers
  A titan zombie (Zig:18)
  2 occultists
  7 hell knights
  5 spectral nagas
  7 thrashing horrors
  2 holy swine (Abyss:3)
  3 storm dragon zombies
  57 soul eaters
  28 deep elf knights
  A spriggan (Depths:4)
  2 shock serpents (shapeshifter)
  128 sun demons
  3 naga warriors
  6 shadow wraiths
  5 shock serpents (Zig:16)
  2 titan skeletons
  2 spectral bunyips
  A salamander mystic (Zig:5)
  16 skysharks
  41 sixfirhies
  2 hellephant skeletons (Pan)
  36 skeletal warriors
  A spectral catoblepas (Crypt:2)
  16 wretched stars
  2 golden dragon zombies
  6 crystal echidnas
  44 deep trolls
  9 iron trolls
  2 spatial maelstroms
  6 pharaoh ants
  2 anaconda zombies (Hell)
  2 naga ritualists
  2 spriggan druids
  13 cherubim
  14 sun moths
  81 large abominations
  2 spectral hydras
  18 sea snakes
  6 kraken simulacra (Coc:1)
  A sea snake (shapeshifter) (Zig:8)
  An obsidian statue (Crypt:2)
  A spark wasp zombie (Depths:3)
  6 glowing orange brains
  8 orb spiders
  2 quicksilver dragon simulacra (Coc:7)
  3 bog bodies
  3 thermic dynamos
  37 shadow demons
  6 flayed ghosts
  3 mana vipers
  2 tengu zombies
  16 deep elf archers
  An orb spider (shapeshifter) (Elf:1)
  6 arcanists
  2 bunyip skeletons
  11 steelbarb worms
  9 orc knights
  9 spriggan simulacra
  18 phantasmal warriors
  8 lindwurms
  31 harpies
  31 deep elf zephyrmancers
  An iron giant skeleton (Tomb:3)
  9 necromancers
  23 ironbound convokers
  34 deep elf pyromancers
  2 tengu skeletons
  25 starcursed masses
  A spectral fire dragon (Tar:2)
  An obsidian bat (Orc:2)
  An alligator zombie (Hell)
  2 spectral ettins
  An orc sorcerer (Abyss:5)
  24 wolf spiders
  10 fauns
  A will-o-the-wisp (Zig:27)
  A frost giant zombie (Zig:4)
  28 ugly things
  2 salamanders
  An alligator skeleton (Hell)
  2 eyes of devastation (shapeshifter)
  A steelbarb worm (shapeshifter) (Zig:8)
  9 cyclopes
  2 shadow dragon skeletons
  A meliai (shapeshifter) (Abyss:3)
  A shining eye (shapeshifter) (Vaults:5)
  7 worldbinders
  18 manticores
  15 elephants
  11 shining eyes
  A spectral centaur (Tar:1)
  5 meliai
  7 merfolk sirens
  25 moths of wrath
  A stone giant zombie (Zig:4)
  3 naga magi (Zig:16)
  An iron dragon skeleton (Zig:18)
  97 smoke demons
  A toenail golem (Zig:26)
  6 eyes of devastation
  21 rust devils
  8 apocalypse crabs
  A centaur zombie (Abyss:3)
  6 ice statues
  A frost giant skeleton (Depths:2)
  A water nymph (shapeshifter) (Vaults:5)
  18 black mambas
  A stone giant skeleton (Tomb:1)
  2 naga zombies
  18 vault sentinels
  8 molten gargoyles
  8 spectral swamp worms (Tar:7)
  8 titan simulacra
  20 cane toads
  3 naga skeletons
  41 orange demons
  A guardian serpent (Abyss:3)
  An eleionoma skeleton (Crypt:3)
  8 torpor snails
  3 water nymphs
  A gargoyle (D:9)
  A dire elephant skeleton (Tomb:2)
  A white draconian zombie (Crypt:1)
  2 centaur skeletons
  A swamp worm zombie (Crypt:2)
  A redback zombie (Crypt:3)
  An unseen horror (Abyss:3)
  6 iron giant simulacra
  35 yaktaurs
  26 freezing wraiths
  2 bunyip simulacra
  10 efreet
  A komodo dragon (shapeshifter) (Vaults:1)
  5 kobold demonologists
  10 rime drakes
  34 hellions
  2 golden dragon simulacra
  7 ice devils
  2 sea snake zombies (Hell)
  85 guardian mummies
  42 tormentors
  5 komodo dragons
  2 tengu conjurers
  2 merfolk (shapeshifter)
  6 anaconda simulacra
  8 red devils
  A queen bee (Lair:2)
  A troll (shapeshifter) (D:14)
  8 trolls
  10 ancient zymes
  4 harpy zombies
  A silent spectre (Tar:7)
  4 spectral harpies
  A shadow dragon simulacrum (Coc:1)
  3 hydra zombies (Hell)
  15 merfolk
  12 hornets
  46 hellwings
  A polar bear (Zig:20)
  A tyrant leech (Zig:27)
  3 hydra skeletons
  31 tarantellas
  A tarantella (shapeshifter) (Vaults:4)
  A harpy skeleton (Tomb:1)
  11 blink frogs
  A meliai zombie (Crypt:3)
  A snapping turtle (shapeshifter) (Zig:8)
  4 iron dragon simulacra
  7 snapping turtles
  A culicivora zombie (Crypt:3)
  6 glass eyes
  15 raiju
  22 wind drakes
  12 dream sheep
  A stone giant simulacrum (Coc:1)
  A centaur simulacrum (Coc:2)
  102 slime creatures
  12 culicivoras
  22 jumping spiders
  A spectral black mamba (Crypt:2)
  Sigmund (D:5)
  5 air elementals
  A spriggan (shapeshifter) (Vaults:5)
  An ettin skeleton (Crypt:1)
  2 shadows
  A wyvern (shapeshifter) (Zig:13)
  75 yaks
  9 wraiths
  8 wyverns
  A vampire (Zig:15)
  3 fire bats (Abyss:3)
  63 ynoxinuls
  26 water elementals
  5 dire elephant simulacra
  34 redbacks
  37 ushabtiu
  9 golden eyes
  A basilisk (shapeshifter) (D:15)
  9 basilisks
  4 fire elementals
  A steam dragon (D:8)
  3 hogs (Spider:1)
  5 vampire mosquitoes
  5 wargs
  92 chaos spawn
  25 neqoxecs
  2 acid dragons (D:9)
  19 harpy simulacra
  2 glowing shapeshifter zombies
  A human zombie (Depths:2)
  21 small abominations
  8 nagas
  6 hell hounds
  A spatial vortex (Abyss:5)
  A fire bat skeleton (Crypt:2)
  21 water moccasins
  6 hydra simulacra
  A glowing shapeshifter skeleton (Zig:18)
  A swamp dragon zombie (Tomb:3)
  A demonspawn skeleton (Crypt:3)
  A black bear (shapeshifter) (D:15)
  26 orc warriors
  8 ice beasts
  2 sky beasts (D:6)
  A two-headed ogre skeleton (Crypt:3)
  5 ettin simulacra
  36 laughing skulls
  14 wolves
  18 centaurs
  16 ogres
  3 boggarts (Vaults:3)
  A blink frog skeleton (Crypt:1)
  2 phantoms
  A fire crab zombie (Crypt:1)
  3 kobold brigands
  11 bullfrogs
  4 weeping skulls
  7 brain worms
  A gnoll sergeant (D:5)
  3 naga simulacra
  4 scorpions
  8 earth elementals
  11 wights
  A yak zombie (Crypt:3)
  28 killer bees
  5 howler monkeys
  5 electric eels
  A shapeshifter skeleton (Crypt:3)
  4 lava snakes (Lair:5)
  A bullfrog zombie (Crypt:2)
  5 jellies
  5 hounds
  2 bombardier beetles (D:3)
  3 quasits
  17 orc priests
  3 gnoll boudas
  2 sleepcaps
  3 iguanas
  3 iron imps
  Terence (D:2)
  26 orc wizards
  3 hell rats
  A wolf simulacrum (IceCv)
  A hound zombie (Crypt:2)
  A hound skeleton (Crypt:1)
  122 mummies
  5 adders
  13 gnolls
  8 river rats (Lair:4)
  A shadow imp (Abyss:1)
  4 white imps
  3 ufetubi
  4 dart slugs
  3 ribbon worms
  76 orcs
  15 ball pythons
  5 endoplasms
  6 giant cockroaches
  14 goblins
  9 hobgoblins
  A jackal (D:3)
  15 kobolds
  4 quokkas
  A river rat zombie (Crypt:1)
  3 bats
  4 frilled lizards
  A hobgoblin skeleton (Crypt:1)
  4 rats
  15 aspiring fleshes
  3 ball lightnings (Pan)
  3 butterflies (Zot:4)
  4 creeping infernos
  7 fire vortices
  4 snaplasher vines
  5 starspawn tentacles
  9 tentacles
5686 creatures vanquished.

Vanquished Creatures (collateral kills)
  Ignacio (Pan)
  A bone dragon (Tar:2)
  Jorgrun (Shoals:1)
  A lich (Depths:1)
  An Ice Fiend (Zig:22)
  2 walking frostbound tomes
  5 acid blobs
  Gastronok (Orc:1)
  2 eldritch tentacles
  Kirke (Spider:1)
  The ghost of topfpfpflanze the Spry, an adept OpSh of Gozag (Elf:1)
  A kraken (Shoals:4)
  A shadow dragon (Vaults:4)
  Donald (Spider:1)
  3 azure jellies
  A rockslime (Slime:5)
  A draconian knight (Zig:22)
  An emperor scorpion (Spider:4)
  3 vault wardens
  4 deep elf sorcerers (Elf:3)
  2 deep elf elementalists (Elf:3)
  2 ghost moths
  2 frost giants (Zig:22)
  4 ironbound preservers
  A spectral juggernaut (Tar:2)
  A formless jellyfish (Slime:1)
  An ironbound thunderhulk (Vaults:3)
  A quicksilver ooze (Slime:4)
  A vampire knight (Vaults:2)
  A deep elf demonologist (Elf:3)
  A demonspawn black sun (Pan)
  A deep elf death mage (Elf:3)
  A deep elf annihilator (Elf:3)
  10 dire elephants
  2 merfolk impalers (Shoals:4)
  A merfolk javelineer (Shoals:4)
  A mummy priest (Zig:21)
  A blizzard demon (Zig:22)
  2 green deaths (Pan)
  A deep elf high priest (Elf:3)
  4 entropy weavers
  3 yaktaur captains
  A salamander tyrant (Zig:16)
  3 great orbs of eyes
  A caustic shrike simulacrum (Zig:22)
  A peacekeeper (Vaults:4)
  An ogre mage (Orc:2)
  4 centaur warriors
  A hydra (Lair:5)
  2 boulder beetles
  A merfolk avatar (Shoals:4)
  2 radroaches
  2 catoblepae (Lair:5)
  3 two-headed ogres (Orc:2)
  10 dancing weapons
  A death knight (D:15)
  8 death yaks
  A satyr (Shoals:4)
  A tengu warrior (D:15)
  2 spriggan berserkers (Depths:1)
  5 demonic crawlers
  A spectral dire elephant (Tar:2)
  4 deep elf knights (Elf:1)
  A titan skeleton (Zig:21)
  A sixfirhy (Pan)
  3 skeletal warriors (D:14)
  A sea snake (Shoals:4)
  3 pharaoh ants
  A sun moth (Spider:1)
  3 deep elf archers (Elf:1)
  5 orb spiders
  2 arcanists
  An ironbound convoker (Vaults:2)
  6 deep elf pyromancers
  19 deep trolls
  A lindwurm (Vaults:1)
  An obsidian bat (Orc:1)
  2 orc knights
  5 harpies
  9 wolf spiders
  11 deep elf zephyrmancers (Elf:1)
  An orc sorcerer (Orc:1)
  A spectral ice dragon (Tar:2)
  4 fauns (Shoals:4)
  4 manticores
  A cyclops (Orc:2)
  4 elephants
  A moth of wrath (Spider:3)
  3 shining eyes
  6 ugly things
  A large abomination (Pan)
  A kobold blastminer (Orc:1)
  2 vault sentinels (Vaults:2)
  A black mamba (Zig:16)
  3 torpor snails
  A smoke demon (Pan)
  7 yaktaurs
  A cane toad (Lair:3)
  A rime drake (Zig:22)
  2 guardian mummies (Zig:21)
  An efreet (D:13)
  A tengu conjurer (D:13)
  A silent spectre (Tar:2)
  A hellwing (Pan)
  2 trolls (Orc:2)
  2 wind drakes (Shoals:4)
  A merfolk (Shoals:4)
  10 tarantellas
  A glass eye (Slime:5)
  17 jumping spiders
  24 slime creatures
  A snapping turtle (Shoals:4)
  13 culicivoras
  3 ushabtiu (Zig:21)
  An air elemental (Elf:1)
  4 water elementals
  7 yaks
  4 wraiths
  3 hogs (Spider:1)
  2 basilisks
  14 redbacks
  3 vampire mosquitoes (Lair:3)
  5 orc warriors
  10 ogres
  2 wolves
  3 earth elementals (Elf:1)
  2 cane toad simulacra (IceCv)
  An elephant simulacrum (IceCv)
  5 killer bees
  An electric eel (Orc:2)
  5 orc priests
  An iguana (D:6)
  5 orc wizards
  15 mummies (Zig:21)
  13 orcs
  A ball python (D:1)
  A bat (D:1)
  A frilled lizard (D:1)
  A rat (D:1)
  A tentacle (Shoals:4)
441 creatures vanquished.

Vanquished Creatures (others)
  20 eldritch tentacles
  A shard shrike simulacrum (Coc:6)
  An elemental wellspring (Coc:7)
  A bennu (Zig:22)
  A stoker (Geh:7)
  A sixfirhy (Abyss:3)
  A spriggan simulacrum (Coc:7)
  2 large abominations
  A titan simulacrum (Coc:3)
  A yaktaur (Vaults:5)
  A bunyip simulacrum (Coc:2)
  A golden dragon simulacrum (Coc:6)
  An ancient zyme (Abyss:5)
  A raiju (Abyss:5)
  2 ynoxinuls (Pan)
  2 harpy simulacra (Coc:7)
  112 ball lightnings
  A creeping inferno (Geh:5)
  A lurking horror (Abyss:3)
  41 snaplasher vines
  7 starspawn tentacles
  13 tentacles
213 creatures vanquished.

Grand Total: 6340 creatures vanquished

Notes
Turn   | Place    | Note
-------+----------+-------------------------------------------
     0 | D:5      | GordonOverkill the Djinni Delver began the quest for the
                  | Orb.
     0 | D:5      | Reached XP level 1. HP: 20/20 MP: 0/0
     1 | D:6      | Noticed an iguana
     1 | D:6      | Noticed an ice beast
    10 | D:5      | Noticed Sigmund
    20 | D:5      | Noticed a sleepcap
   113 | D:5      | Noticed a scorpion
   132 | D:5      | Noticed a gnoll sergeant
   171 | D:3      | Found Ohyosh's Armour Boutique.
   305 | D:3      | Noticed an orc wizard
   339 | D:3      | Reached XP level 2. HP: 24/25 MP: 0/0
   394 | D:2      | Noticed Terence
   430 | D:2      | Killed Terence
   431 | D:2      | Reached skill level 1 in Spellcasting
   431 | D:2      | Reached skill level 1 in Conjurations
   431 | D:2      | Reached skill level 1 in Hexes
   431 | D:2      | Reached skill level 1 in Summonings
   431 | D:2      | Reached skill level 1 in Necromancy
   431 | D:2      | Reached skill level 1 in Translocations
   431 | D:2      | Reached skill level 1 in Fire Magic
   431 | D:2      | Reached skill level 1 in Ice Magic
   431 | D:2      | Reached skill level 1 in Air Magic
   431 | D:2      | Reached skill level 1 in Earth Magic
   431 | D:2      | Reached skill level 1 in Alchemy
   431 | D:2      | Reached skill level 1 in Evocations
   431 | D:2      | Reached XP level 3. HP: 30/30 MP: 0/0
   431 | D:2      | Learned a level 1 spell: Necrotise
   538 | D:2      | Found a sacrificial altar of Ru.
   805 | D:1      | Reached XP level 4. HP: 34/35 MP: 0/0
  1478 | D:1      | Found a faded altar of an unknown god.
  2872 | D:3      | Reached XP level 5. HP: 40/40 MP: 0/0
  2872 | D:3      | Learned a level 2 spell: Static Discharge
  2964 | D:3      | Reached skill level 1 in Throwing
  3427 | D:3      | Reached XP level 6. HP: 21/46 MP: 0/0
  4167 | D:3      | Reached XP level 7. HP: 20/50 MP: 0/0
  4167 | D:3      | Learned a level 3 spell: Ozocubu's Armour
  5843 | D:4      | Reached skill level 5 in Spellcasting
  5843 | D:4      | Reached skill level 5 in Conjurations
  5843 | D:4      | Reached skill level 5 in Hexes
  5843 | D:4      | Reached skill level 5 in Summonings
  5843 | D:4      | Reached skill level 5 in Necromancy
  5843 | D:4      | Reached skill level 5 in Translocations
  5843 | D:4      | Reached skill level 5 in Fire Magic
  5843 | D:4      | Reached skill level 5 in Ice Magic
  5843 | D:4      | Reached skill level 5 in Air Magic
  5843 | D:4      | Reached skill level 5 in Earth Magic
  5843 | D:4      | Reached skill level 5 in Alchemy
  6263 | D:5      | Reached XP level 8. HP: 27/58 MP: 0/0
  6504 | D:5      | Killed Sigmund
  7620 | D:6      | Reached skill level 1 in Maces & Flails
  7620 | D:6      | Reached XP level 9. HP: 55/62 MP: 0/0
  7620 | D:6      | Learned a level 3 spell: Inner Flame
  7980 | D:6      | Found a one-way gate to the infinite horrors of the Abyss.
  7980 | D:6      | Noticed G0Dl1kE's ghost (novice DrSh)
  8256 | D:6      | Found a transporter.
  8287 | D:6      | Noticed a hell hog
  8511 | D:6      | Found a transporter.
  8985 | D:7      | Found a flagged portal.
  9609 | D:6      | Reached skill level 5 in Fighting
  9974 | D:7      | Found a staircase to the Ecumenical Temple.
 10001 | Temple   | Entered the Ecumenical Temple
 10157 | Temple   | Became a worshipper of Gozag Ym Sagoz the Greedy
 10763 | D:7      | Identified the +5 whip "Vucegag" {vamp, Str+3 Dex+4}
 11002 | D:7      | Reached XP level 10. HP: 67/73 MP: 0/0
 12377 | D:7      | Found a sacrificial altar of Ru.
 12379 | D:7      | Found a bloodstained altar of Trog.
 12380 | D:7      | Found a snail-covered altar of Cheibriados.
 12994 | D:8      | Found Jitt's Distillery.
 12999 | D:8      | Bought a potion of invisibility for 120 gold pieces
 12999 | D:8      | Bought a potion of haste for 150 gold pieces
 13819 | D:8      | Reached skill level 5 in Maces & Flails
 14125 | D:8      | Found Nimaes's Armour Shop.
 14560 | D:9      | Reached XP level 11. HP: 41/79 MP: 0/0
 14560 | D:9      | Learned a level 4 spell: Petrify
 14604 | D:9      | Noticed a deep elf pyromancer
 14609 | D:9      | Killed a deep elf pyromancer
 14621 | D:9      | Noticed a centaur warrior
 14921 | D:9      | Noticed a two-headed ogre
 14945 | D:9      | Killed a two-headed ogre
 14946 | D:9      | Reached skill level 5 in Evocations
 15485 | D:9      | Killed a centaur warrior
 15662 | D:9      | Reached skill level 1 in Armour
 16709 | D:9      | Found a shimmering altar of Xom.
 16711 | D:9      | Found a burning altar of Makhleb.
 16711 | D:9      | Found a white marble altar of Elyvilon.
 16761 | D:9      | Noticed a manticore
 16830 | D:9      | Killed a manticore
 17132 | D:9      | Reached skill level 5 in Armour
 17495 | D:9      | Noticed a deep elf pyromancer
 18382 | D:9      | Noticed a two-headed ogre
 18399 | D:9      | Killed a two-headed ogre
 18400 | D:9      | Reached XP level 12. HP: 78/89 MP: 0/0
 18729 | D:3      | Bought the +2 buckler "Geyffurch" {rCorr Dex+2} for 375
                  | gold pieces
 19006 | D:9      | Reached skill level 1 in Shields
 19491 | D:9      | Found a snail-covered altar of Cheibriados.
 19515 | D:9      | Reached skill level 10 in Fighting
 19564 | D:9      | Identified the blade talisman of Hide-and-Seek {rElec rCorr
                  | Str-4 Stlth+}
 19962 | D:10     | Entered Level 10 of the Dungeon
 20062 | D:10     | Noticed a centaur warrior
 20254 | D:10     | Reached skill level 5 in Shields
 20262 | D:10     | Found a staircase to the Orcish Mines.
 20271 | D:10     | Found a roughly hewn altar of Beogh.
 20647 | D:10     | Killed a centaur warrior
 20665 | D:10     | Identified the +7 dagger of Conformity {flame, Will++
                  | Int-3}
 20675 | D:10     | Identified the ring of Byubareu {rC++ EV+5 Dex-2}
 21156 | D:10     | Noticed a deep troll
 21173 | D:10     | Killed a deep troll
 21286 | D:10     | Reached skill level 10 in Spellcasting
 21286 | D:10     | Reached skill level 10 in Conjurations
 21286 | D:10     | Reached skill level 10 in Hexes
 21286 | D:10     | Reached skill level 10 in Summonings
 21286 | D:10     | Reached skill level 10 in Necromancy
 21286 | D:10     | Reached skill level 10 in Translocations
 21286 | D:10     | Reached skill level 10 in Fire Magic
 21286 | D:10     | Reached skill level 10 in Ice Magic
 21286 | D:10     | Reached skill level 10 in Air Magic
 21286 | D:10     | Reached skill level 10 in Earth Magic
 21286 | D:10     | Reached skill level 10 in Alchemy
 21350 | D:10     | Found a staircase to the Lair.
 21790 | Lair:1   | Entered Level 1 of the Lair of Beasts
 22287 | Lair:1   | Reached XP level 13. HP: 76/97 MP: 0/0
 22287 | Lair:1   | Learned a level 5 spell: Summon Forest
 23277 | Lair:2   | Noticed a six-headed hydra
 24348 | Lair:2   | Reached skill level 5 in Dodging
 25650 | Lair:2   | Killed a six-headed hydra
 25961 | Lair:2   | Found a hole to the Spider Nest.
 26193 | Lair:3   | Found a staircase to the Shoals.
 26921 | Lair:3   | Reached XP level 14. HP: 82/105 MP: 0/0
 29118 | Lair:4   | Identified the ring "Dafiong" {Fly rF++ Will- Dex+2}
 29340 | Lair:5   | Entered Level 5 of the Lair of Beasts
 31706 | Lair:5   | Reached skill level 5 in Short Blades
 32422 | Lair:5   | Found a viscous altar of Jiyva.
 32429 | Lair:5   | Found a staircase to the Slime Pits.
 32432 | Lair:5   | Reached XP level 15. HP: 104/111 MP: 0/0
 32432 | Lair:5   | Learned a level 6 spell: Starburst
 33657 | Lair:5   | Found a viscous altar of Jiyva.
 33658 | Lair:5   | Found a staircase to the Slime Pits.
 35085 | D:11     | Noticed Harold
 35097 | D:11     | Killed Harold
 35203 | D:11     | Noticed Nergalle
 35480 | D:11     | Killed Nergalle
 35795 | D:11     | Found Haigarip's Antique Armour Shop.
 35798 | D:11     | Bought an embroidered robe for 114 gold pieces
 35798 | D:11     | Bought a warped robe for 176 gold pieces
 35798 | D:11     | Identified the +1 robe of Wedwad {rC+ MP+9 Str-4} (You
                  | bought it in a shop on level 11 of the Dungeon)
 35798 | D:11     | Bought a cloak for 139 gold pieces
 37302 | D:13     | Found a transporter.
 37306 | D:13     | Found Oxeuc's Book Boutique.
 37308 | D:13     | Found a transporter.
 37480 | D:13     | Found a frozen archway.
 37552 | IceCv    | Entered an ice cave
 38196 | IceCv    | Identified the +6 war axe of Libie {holy, rC+ Str+2 Dex-2
                  | SInv}
 38260 | D:13     | Upgraded the game from 0.32-a0-772-g33df2375a9 to
                  | 0.32-a0-791-gfc315c9ecd
 39345 | D:13     | Reached XP level 16. HP: 101/118 MP: 0/0
 41123 | D:14     | Found a gate to the Vaults.
 41573 | D:14     | Reached skill level 10 in Evocations
 42438 | D:15     | Entered Level 15 of the Dungeon
 43152 | D:15     | Found a glowing silver altar of Zin.
 43926 | D:15     | Found a staircase to the Depths.
 44231 | Orc:1    | Entered Level 1 of the Orcish Mines
 44237 | Orc:1    | Noticed Gastronok
 44250 | Orc:1    | Killed Gastronok
 45234 | Orc:2    | Entered Level 2 of the Orcish Mines
 45238 | Orc:2    | Found a staircase to the Elven Halls.
 45486 | Orc:2    | Reached XP level 17. HP: 78/129 MP: 0/0
 45486 | Orc:2    | Learned a level 6 spell: Death Channel
 46124 | Orc:2    | Noticed Josephine
 46137 | Orc:2    | Killed Josephine
 46367 | Orc:2    | Found a roughly hewn altar of Beogh.
 46597 | Orc:2    | Found Xothuzei's Antique Armour Emporium.
 46598 | Orc:2    | Found Ceugorach's General Store.
 46603 | Orc:2    | Found Vuhi's Book Shop.
 46615 | Orc:2    | Bought a potion of curing for 33 gold pieces
 46620 | Orc:2    | Bought a pair of embroidered gloves for 232 gold pieces
 46622 | Orc:2    | Found Pibbisif's Antique Armour Shoppe.
 46664 | Orc:2    | Bought a brightly glowing robe for 125 gold pieces
 46664 | Orc:2    | Identified the +1 robe of Pan-Flutes {rPois Int+4} (You
                  | bought it in a shop on level 2 of the Orcish Mines)
 47131 | Orc:2    | Found a roughly hewn altar of Beogh.
 47260 | Spider:1 | Entered Level 1 of the Spider Nest
 47260 | Spider:1 | Noticed Kirke
 47269 | Spider:1 | Killed Kirke
 47269 | Spider:1 | Noticed Donald
 47302 | Spider:1 | Killed Donald
 47343 | Spider:1 | Reached skill level 10 in Armour
 49983 | Spider:1 | Reached XP level 18. HP: 61/135 MP: 0/0
 50625 | Spider:2 | Upgraded the game from 0.32-a0-791-gfc315c9ecd to
                  | 0.32-a0-825-g0e82a1035d
 54327 | Spider:4 | Entered Level 4 of the Spider Nest
 55216 | Spider:4 | Noticed Arachne
 55236 | Spider:4 | Killed Arachne
 55245 | Spider:4 | Reached skill level 15 in Spellcasting
 55245 | Spider:4 | Reached skill level 15 in Conjurations
 55245 | Spider:4 | Reached skill level 15 in Hexes
 55245 | Spider:4 | Reached skill level 15 in Summonings
 55245 | Spider:4 | Reached skill level 15 in Necromancy
 55245 | Spider:4 | Reached skill level 15 in Translocations
 55245 | Spider:4 | Reached skill level 15 in Fire Magic
 55245 | Spider:4 | Reached skill level 15 in Ice Magic
 55245 | Spider:4 | Reached skill level 15 in Air Magic
 55245 | Spider:4 | Reached skill level 15 in Earth Magic
 55245 | Spider:4 | Reached skill level 15 in Alchemy
 55388 | Spider:4 | Identified the +8 war axe of Gallantry {freeze, rC+ Str+2}
 55428 | Spider:4 | Reached XP level 19. HP: 134/140 MP: 0/0
 55428 | Spider:4 | Learned a level 6 spell: Conjure Ball Lightning
 55680 | Spider:4 | Identified the +1 robe of the Imp {rC+ rN+ Will+}
 57289 | Spider:4 | Got a gossamer rune of Zot
 57357 | Spider:4 | Reached skill level 10 in Shields
 57761 | Shoals:1 | Entered Level 1 of the Shoals
 57987 | Shoals:1 | Found Kugaz's Book Shoppe.
 58078 | Shoals:1 | Noticed Jorgrun
 58092 | Shoals:1 | Killed Jorgrun
 58097 | Shoals:1 | Found Aphalagi's Book Shop.
 58221 | Shoals:1 | Found Jafow's Antique Weapon Emporium.
 58236 | Shoals:1 | Found Likomouf's Assorted Antiques.
 58246 | Shoals:1 | Found Tauff's Assorted Antiques.
 58292 | Shoals:1 | Bought a potion of might for 92 gold pieces
 58292 | Shoals:1 | Bought a scroll of fog for 92 gold pieces
 58292 | Shoals:1 | Bought a potion of curing for 69 gold pieces
 58292 | Shoals:1 | Bought a potion of curing for 69 gold pieces
 58430 | Shoals:1 | Bought a scroll of silence for 294 gold pieces
 58430 | Shoals:1 | Bought a phantom mirror for 1240 gold pieces
 59126 | Shoals:2 | Identified the +0 ring mail of an ossuary {+Blink rElec
                  | rCorr SInv}
 59398 | Shoals:2 | Noticed Mlioglotl
 59399 | Shoals:2 | Noticed an ancient lich
 59918 | Shoals:3 | Reached XP level 20. HP: 138/147 MP: 0/0
 60209 | Shoals:2 | Killed Mlioglotl
 60632 | Shoals:3 | Noticed Ilsuiw
 61376 | Shoals:3 | Noticed Polyphemus
 61391 | Shoals:3 | Killed Polyphemus
 61608 | Shoals:3 | Killed Ilsuiw
 61993 | Shoals:4 | Entered Level 4 of the Shoals
 61994 | Shoals:4 | Upgraded the game from 0.32-a0-825-g0e82a1035d to
                  | 0.32-a0-837-g8d3e27d251
 62401 | Shoals:4 | Reached skill level 10 in Dodging
 62424 | Shoals:4 | Got a barnacled rune of Zot
 62673 | Shoals:4 | Identified the +9 mace "Varyib" {drain, rF+ MP+9}
 62757 | Shoals:4 | Identified the ring "Tihept" {Fly rPois}
 63782 | Vaults:1 | Entered Level 1 of the Vaults
 63832 | Vaults:1 | Reached skill level 15 in Fighting
 63987 | Vaults:1 | Found Qenn's Magic Scroll Shoppe.
 63995 | Vaults:1 | Bought a scroll of teleportation for 42 gold pieces
 63995 | Vaults:1 | Bought a scroll of fog for 56 gold pieces
 63995 | Vaults:1 | Bought a scroll of summoning for 133 gold pieces
 64324 | Vaults:1 | You are sucked into a shaft and drop 1 floor!
 64341 | Vaults:2 | Reached XP level 21. HP: 102/156 MP: 0/0
 64341 | Vaults:2 | Learned a level 8 spell: Maxwell's Capacitive Coupling
 64495 | Vaults:2 | Identified the +2 chain mail of Anaiw {-Cast rElec rF++
                  | Will-}
 64629 | Vaults:2 | Found a staircase to the Crypt.
 64901 | Vaults:2 | Found Fiacaos's Weapon Boutique.
 65153 | Vaults:1 | Upgraded the game from 0.32-a0-837-g8d3e27d251 to
                  | 0.32-a0-842-gbbb8fdbe59
 67034 | Vaults:2 | Reached XP level 22. HP: 164/164 MP: 0/0
 67141 | Vaults:2 | Identified the +1 robe "Qaes" {rF- Will+ MP+9 Dex+6}
 70655 | Vaults:3 | Found Wunawus's General Store.
 70661 | Vaults:3 | Bought a potion of brilliance for 56 gold pieces
 70661 | Vaults:3 | Bought a potion of haste for 140 gold pieces
 70668 | Vaults:3 | Noticed Asterion
 70676 | Vaults:3 | Killed Asterion
 70806 | Vaults:3 | Reached XP level 23. HP: 167/169 MP: 0/0
 70806 | Vaults:3 | Learned a level 7 spell: Malign Gateway
 71951 | Vaults:4 | Found Dulaudgh's Assorted Antiques.
 71959 | Vaults:4 | Bought a potion of curing for 144 gold pieces
 71959 | Vaults:4 | Bought a scroll of revelation for 360 gold pieces
 71959 | Vaults:4 | Bought a scroll of teleportation for 144 gold pieces
 71959 | Vaults:4 | Bought a wand of warping (1) for 115 gold pieces
 72164 | Vaults:4 | Identified the +2 cloak of the Treeataur {-Tele rN+ Str+3
                  | Stlth+}
 72317 | Vaults:4 | Reached XP level 24. HP: 160/174 MP: 0/0
 72532 | Slime:1  | Entered Level 1 of the Pits of Slime
 73189 | Slime:5  | Entered Level 5 of the Pits of Slime
 73705 | Slime:5  | Found a viscous altar of Jiyva.
 73863 | Slime:5  | Reached skill level 10 in Short Blades
 74566 | Slime:4  | Gained mutation: You occasionally lose the ability to drink
                  | potions when taking damage. [a shining eye]
 74572 | Slime:5  | Lost mutation: You occasionally lose the ability to drink
                  | potions when taking damage. [potion of mutation]
 74572 | Slime:5  | Gained mutation: You are agile. (Dex +4, Str/Int -1)
                  | [potion of mutation]
 74572 | Slime:5  | Gained mutation: Your spells are a little harder to cast,
                  | but a little more powerful. [potion of mutation]
 74572 | Slime:5  | Gained mutation: Your body sometimes deteriorates upon
                  | taking damage. [potion of mutation]
 74572 | Slime:5  | Gained mutation: You are very agile. (Dex +8, Str/Int -2)
                  | [potion of mutation]
 74803 | Slime:5  | Noticed the Royal Jelly
 74892 | Slime:5  | Killed the Royal Jelly
 75032 | Slime:5  | Gained mutation: You occasionally lose the ability to read
                  | scrolls when taking damage. [mutagenic glow]
 75091 | Slime:5  | Lost mutation: Your spells are a little harder to cast, but
                  | a little more powerful. [potion of mutation]
 75091 | Slime:5  | Lost mutation: Your body sometimes deteriorates upon taking
                  | damage. [potion of mutation]
 75091 | Slime:5  | Gained mutation: Your mind is acute. (Int +4, Str/Dex -1)
                  | [potion of mutation]
 75091 | Slime:5  | Gained mutation: You are strong-willed. (Will+) [potion of
                  | mutation]
 75395 | Slime:5  | Got a slimy rune of Zot
 75422 | Slime:5  | Identified the ring of Qeer Yckyug {rPois rF++ Will- Int+3
                  | Dex+6}
 75433 | Slime:5  | Identified the staff of Xoakk {*Corrode rC+ Str+2 Int+3
                  | Fire Ice}
 75514 | Slime:5  | Identified the +1 falchion of Pain and Death {pain, ^Drain
                  | rPois Str+8 Dex-2}
 75515 | Slime:5  | Identified the +6 shortbow of Action {heavy, rC- Str+6}
 75907 | Lair:5   | Lost mutation: You are strong-willed. (Will+) [potion of
                  | mutation]
 75907 | Lair:5   | Lost mutation: Your mind is acute. (Int +4, Str/Dex -1)
                  | [potion of mutation]
 75907 | Lair:5   | Gained mutation: You have a pair of small horns on your
                  | head. [potion of mutation]
 75907 | Lair:5   | Gained mutation: You are partially covered in iridescent
                  | scales. (AC +2) [potion of mutation]
 75907 | Lair:5   | Gained mutation: You have a pair of horns on your head.
                  | [potion of mutation]
 75908 | Lair:5   | Lost mutation: You are partially covered in iridescent
                  | scales. (AC +2) [potion of mutation]
 75908 | Lair:5   | Lost mutation: You have a pair of horns on your head.
                  | [potion of mutation]
 75908 | Lair:5   | Lost mutation: You are very agile. (Dex +8, Str/Int -2)
                  | [potion of mutation]
 75908 | Lair:5   | Gained mutation: You are very agile. (Dex +8, Str/Int -2)
                  | [potion of mutation]
 75908 | Lair:5   | Gained mutation: You are weak. (Str -2) [potion of
                  | mutation]
 75908 | Lair:5   | Gained mutation: You are partially covered in iridescent
                  | scales. (AC +2) [potion of mutation]
 75909 | Lair:5   | Lost mutation: You are weak. (Str -2) [potion of mutation]
 75909 | Lair:5   | Lost mutation: You are partially covered in iridescent
                  | scales. (AC +2) [potion of mutation]
 75909 | Lair:5   | Gained mutation: Your skin changes colour to match your
                  | surroundings (Stealth+). [potion of mutation]
 75909 | Lair:5   | Gained mutation: Your natural rate of healing is unusually
                  | fast. [potion of mutation]
 75910 | Lair:5   | Lost mutation: Your skin changes colour to match your
                  | surroundings (Stealth+). [potion of mutation]
 75910 | Lair:5   | Lost mutation: Your natural rate of healing is unusually
                  | fast. [potion of mutation]
 75910 | Lair:5   | Lost mutation: You are very agile. (Dex +8, Str/Int -2)
                  | [potion of mutation]
 75910 | Lair:5   | Gained mutation: You are resistant to electric shocks.
                  | (rElec) [potion of mutation]
 75910 | Lair:5   | Gained mutation: You are very vulnerable to cold. (rC--)
                  | [potion of mutation]
 75910 | Lair:5   | Gained mutation: A frigid envelope surrounds you and
                  | freezes all who hurt you. [potion of mutation]
 75911 | Lair:5   | Lost mutation: You are very vulnerable to cold. (rC--)
                  | [potion of mutation]
 75911 | Lair:5   | Lost mutation: You have a pair of small horns on your head.
                  | [potion of mutation]
 75911 | Lair:5   | Gained mutation: You have very sharp teeth. [potion of
                  | mutation]
 75911 | Lair:5   | Gained mutation: You are covered in fur. (AC +1) [potion of
                  | mutation]
 75911 | Lair:5   | Gained mutation: You are somewhat resistant to further
                  | mutation. [potion of mutation]
 75911 | Lair:5   | Gained mutation: You are robust. (+10% HP) [potion of
                  | mutation]
 76026 | Elf:1    | Entered Level 1 of the Elven Halls
 76141 | Elf:1    | Reached XP level 25. HP: 184/199 MP: 0/0
 76141 | Elf:1    | Learned a level 9 spell: Polar Vortex
 76650 | Elf:1    | Identified a scroll of acquirement
 76656 | Elf:1    | Acquired a manual of Armour
 76921 | Elf:1    | Found a runed translucent door.
 76921 | Elf:1    | Noticed topfpfpflanze's ghost (adept OpSh)
 77253 | Elf:1    | Killed topfpfpflanze's ghost
 77898 | Elf:2    | Found a huge runed translucent gate.
 77900 | Elf:2    | Found a huge runed translucent gate.
 77905 | Elf:2    | Found a huge runed translucent gate.
 77906 | Elf:2    | Found a huge runed translucent gate.
 77906 | Elf:2    | Found a huge runed translucent gate.
 78371 | Elf:2    | Reached skill level 15 in Armour
 78727 | Elf:3    | Entered Level 3 of the Elven Halls
 79400 | Elf:3    | Identified the ring of Inet {rPois Str+5 Int-3 Dex+3}
 79408 | Elf:3    | Identified the +2 leather armour of Vehumet's Fury {rPois
                  | rN+++ Str-2 Stlth+}
 79409 | Elf:3    | Identified the staff of the Penguin {*Corrode rN+ Str+6
                  | Dex-3 Necro}
 79415 | Elf:3    | Identified the +0 chain mail "Metoosiph" {rC+}
 79442 | Elf:3    | Identified the +3 leather armour of Xeosa {Rampage Int+2
                  | Slay+5}
 79442 | Elf:3    | Identified the ring of Pantheism {Fire Dex+5 Stlth+}
 79831 | Elf:3    | Paralysed by an air elemental for 1 turns
 79855 | Elf:3    | Noticed Louise
 79858 | Elf:3    | Killed Louise
 80443 | Depths:1 | Entered Level 1 of the Depths
 80598 | Depths:1 | Reached XP level 26. HP: 178/205 MP: 0/0
 81321 | Depths:1 | Found a one-way gateway to a ziggurat.
 81361 | Depths:1 | Found a one-way gate leading to the halls of Pandemonium.
 81416 | Depths:1 | Found a shimmering altar of Xom.
 81768 | Depths:1 | Found a gateway to Hell.
 82538 | Depths:2 | Identified the +5 falchion of Makhleb's Inspiration {venom,
                  | ^Fragile rElec rF- Will+++}
 83482 | Depths:3 | Identified the +2 robe of the Camelopard {Fly rElec rC-
                  | Dex+2}
 83482 | Depths:3 | Noticed Boris
 83486 | Depths:3 | Killed Boris
 83494 | Depths:3 | Found Macarham's General Store.
 83497 | Depths:3 | Bought a potion of berserk rage for 90 gold pieces
 83497 | Depths:3 | Bought a scroll of enchant armour for 135 gold pieces
 83497 | Depths:3 | Bought a scroll of fog for 72 gold pieces
 83497 | Depths:3 | Bought a potion of curing for 54 gold pieces
 83520 | Depths:3 | Noticed Xtahua
 83524 | Depths:3 | Killed Xtahua
 83564 | Depths:3 | Found a transporter.
 83566 | Depths:3 | Found a transporter.
 83568 | Depths:3 | Found a transporter.
 84012 | Depths:3 | Noticed Parghit
 84016 | Depths:3 | Killed Parghit
 85073 | Depths:3 | Found a transporter.
 85134 | Depths:4 | Entered Level 4 of the Depths
 85680 | Depths:4 | Reached XP level 27. HP: 201/212 MP: 0/0
 85680 | Depths:4 | Learned a level 9 spell: Chain Lightning
 85919 | Depths:4 | Found a gate to the Realm of Zot.
 86590 | Depths:4 | Upgraded the game from 0.32-a0-842-gbbb8fdbe59 to
                  | 0.32-a0-875-g23b751d0ae
 86802 | Vaults:5 | Entered Level 5 of the Vaults
 87026 | Vaults:5 | Identified the ring of Scepticism {rPois rCorr Int-3
                  | Stlth+}
 87491 | Vaults:5 | Reached skill level 27 in Conjurations
 87494 | Vaults:5 | Identified the +3 trident "Ruteaff" {venom, +Blink Int+2}
 87494 | Vaults:5 | Identified the +13 plate armour of Forez {Int+7 Stlth+}
 87681 | Vaults:5 | Identified the +3 ring mail of Starshine {Harm Will+ Regen+
                  | Int+3}
 87690 | Vaults:5 | Identified the +6 trident of Annoyance {speed, Str+6}
 87702 | Vaults:5 | Noticed an ancient lich
 88274 | Vaults:5 | Got a silver rune of Zot
 88576 | Vaults:5 | Killed an ancient lich
 89424 | Zot:1    | Entered Level 1 of the Realm of Zot
 89774 | Zot:1    | You are sucked into a shaft and drop 1 floor!
 90018 | Zot:2    | Found a white marble altar of Elyvilon.
 90281 | Zot:2    | Found a glowing golden altar of the Shining One.
 90281 | Zot:2    | Found a glowing silver altar of Zin.
 90493 | Zot:2    | Noticed an orb of fire
 90500 | Zot:2    | Killed an orb of fire
 90718 | Zot:2    | Noticed a dread lich
 90722 | Zot:2    | Killed a dread lich
 90724 | Zot:2    | Noticed a dread lich
 90731 | Zot:2    | Killed a dread lich
 90760 | Zot:2    | Noticed a dread lich
 90768 | Zot:2    | Killed a dread lich
 90792 | Zot:2    | Noticed a dread lich
 90797 | Zot:2    | Killed a dread lich
 90854 | Zot:2    | Noticed a dread lich
 90861 | Zot:2    | Noticed a dread lich
 90862 | Zot:2    | Killed a dread lich
 90867 | Zot:2    | Killed a dread lich
 90904 | Zot:2    | Found the ring of the Hare {EV+10}
 90905 | Zot:2    | Found the +10 tower shield of Ignorance {rN+ Int-4}
 91869 | Zot:2    | Gained mutation: You are weak. (Str -2) [mutagenic glow]
 91896 | Zot:2    | Gained mutation: You are very weak. (Str -4) [mutagenic
                  | glow]
 92178 | Zot:3    | Upgraded the game from 0.32-a0-875-g23b751d0ae to
                  | 0.32-a0-886-g41c5271027
 94126 | Zot:4    | Reached skill level 27 in Spellcasting
 94126 | Zot:4    | Reached skill level 27 in Hexes
 94126 | Zot:4    | Reached skill level 27 in Summonings
 94126 | Zot:4    | Reached skill level 27 in Necromancy
 94126 | Zot:4    | Reached skill level 27 in Translocations
 94126 | Zot:4    | Reached skill level 27 in Fire Magic
 94126 | Zot:4    | Reached skill level 27 in Ice Magic
 94126 | Zot:4    | Reached skill level 27 in Air Magic
 94126 | Zot:4    | Reached skill level 27 in Earth Magic
 94126 | Zot:4    | Reached skill level 27 in Alchemy
 94184 | Zot:4    | Noticed a Killer Klown
 94190 | Zot:4    | Killed a Killer Klown
 94197 | Zot:4    | Noticed a Killer Klown
 94203 | Zot:4    | Killed a Killer Klown
 94351 | Zot:4    | Found a shimmering altar of Xom.
 94351 | Zot:4    | Found a shimmering altar of Xom.
 94351 | Zot:4    | Found a shimmering altar of Xom.
 94366 | Zot:4    | Found a glowing silver altar of Zin.
 94367 | Zot:4    | Found a shimmering altar of Xom.
 94368 | Zot:4    | Found a shimmering altar of Xom.
 94368 | Zot:4    | Found a shimmering altar of Xom.
 94435 | Zot:4    | Noticed an orb of fire
 94450 | Zot:4    | Killed an orb of fire
 94508 | Zot:4    | Noticed a shard shrike
 94529 | Zot:4    | Killed a shard shrike
 95106 | Zot:5    | Entered Level 5 of the Realm of Zot
 95784 | Zot:5    | Noticed an orb of fire
 95788 | Zot:5    | Killed an orb of fire
 95872 | Zot:5    | Noticed a Killer Klown
 95877 | Zot:5    | Killed a Killer Klown
 96110 | Zot:5    | Noticed an orb of fire
 96114 | Zot:5    | Killed an orb of fire
 96117 | Zot:5    | Noticed an orb of fire
 96122 | Zot:5    | Killed an orb of fire
 96271 | Zot:5    | Noticed an orb of fire
 96277 | Zot:5    | Noticed an orb of fire
 96278 | Zot:5    | Noticed an orb of fire
 96281 | Zot:5    | Killed an orb of fire
 96282 | Zot:5    | Noticed an orb of fire
 96286 | Zot:5    | Noticed a Killer Klown
 96287 | Zot:5    | Killed an orb of fire
 96289 | Zot:5    | Killed an orb of fire
 96294 | Zot:5    | Killed a Killer Klown
 96295 | Zot:5    | Killed an orb of fire
 96298 | Zot:5    | Noticed a dread lich
 96300 | Zot:5    | Killed a dread lich
 96667 | Zot:5    | Noticed an orb of fire
 96671 | Zot:5    | Killed an orb of fire
 96704 | Zot:5    | Noticed an ancient lich
 96708 | Zot:5    | Killed an ancient lich
 97073 | Zot:5    | Upgraded the game from 0.32-a0-886-g41c5271027 to
                  | 0.32-a0-898-g7811c86cf0
 97080 | Zot:5    | Bought the +2 cloak "Kefotem" {Int+4} for 388 gold pieces
 97095 | Zot:5    | Bought a scroll of revelation for 180 gold pieces
 97101 | Zot:5    | Bought a scroll of summoning for 551 gold pieces
 97101 | Zot:5    | Bought a potion of haste for 580 gold pieces
 97103 | Zot:5    | Bought a scroll of enchant armour for 172 gold pieces
 97103 | Zot:5    | Bought a scroll of vulnerability for 92 gold pieces
 97103 | Zot:5    | Bought a potion of brilliance for 92 gold pieces
 97105 | Zot:5    | Bought a potion of enlightenment for 65 gold pieces
 97105 | Zot:5    | Bought a potion of enlightenment for 65 gold pieces
 97105 | Zot:5    | Bought a potion of haste for 130 gold pieces
 97105 | Zot:5    | Bought a potion of might for 52 gold pieces
 97105 | Zot:5    | Bought 2 potions of brilliance for 104 gold pieces
 97105 | Zot:5    | Bought a potion of curing for 39 gold pieces
 97107 | Zot:5    | Bought the ring of Truth {rF+ Int+5 Stlth+} for 724 gold
                  | pieces
 97112 | Zot:5    | Bought a scroll of teleportation for 87 gold pieces
 97112 | Zot:5    | Bought a wand of paralysis (5) for 348 gold pieces
 97123 | Zot:5    | Bought the +1 scale mail "Jaattoa" {rF+ rN+ Int+3} for 469
                  | gold pieces
 97135 | Zot:5    | Bought a pair of masterwork gloves for 266 gold pieces
 97135 | Zot:5    | Identified the +2 pair of gloves of the Game of Kings
                  | {Int+4} (You bought it in a shop on level 5 of the Realm of
                  | Zot)
 97155 | Zot:5    | Bought a +2 helmet of intelligence for 344 gold pieces
 97266 | Zot:5    | Reached skill level 15 in Shields
 97332 | Zot:2    | Fell from the grace of Gozag
 97332 | Zot:2    | Became a worshipper of the Shining One
 97645 | Crypt:1  | Entered Level 1 of the Crypt
 97702 | Crypt:1  | Reached * piety under the Shining One
 97789 | Crypt:1  | Reached ** piety under the Shining One
 98069 | Crypt:1  | Reached *** piety under the Shining One
 98656 | Crypt:1  | Reached **** piety under the Shining One
 98720 | Crypt:1  | Identified the +6 ring mail "Obe Don" {Harm rC+ Str+2
                  | Dex+3}
 99135 | Crypt:2  | Reached ***** piety under the Shining One
 99575 | Crypt:2  | Reached ****** piety under the Shining One
 99602 | Crypt:2  | Identified the +2 robe of Analysis {rElec rPois Dex+2
                  | Slay-2}
 99602 | Crypt:2  | Noticed Boris
 99607 | Crypt:2  | Killed Boris
100667 | Crypt:2  | Noticed a royal mummy
100675 | Crypt:2  | Killed a royal mummy
100718 | Crypt:2  | Reached skill level 10 in Invocations
101072 | Crypt:3  | Entered Level 3 of the Crypt
101935 | Crypt:3  | Found a staircase to the Tomb.
102298 | Crypt:3  | Found the +8 arc blade {discharge, rElec}
102346 | Crypt:3  | Found the +12 glaive of Prune {freeze, Prune}
102465 | Crypt:3  | Noticed a dread lich
102470 | Crypt:3  | Killed a dread lich
102473 | Crypt:3  | Noticed a dread lich
102479 | Crypt:3  | Killed a dread lich
102506 | Crypt:3  | Identified the ring of Vaapi {rPois rC- Will++}
103011 | Depths:3 | Voluntarily entered the Abyss.
103485 | Abyss:1  | Reached skill level 1 in Polearms
103901 | Abyss:3  | Reached skill level 5 in Polearms
103961 | Abyss:3  | Gained mutation: Armour fits poorly on your strangely
                  | shaped body. [a neqoxec]
103995 | Depths:3 | Escaped the Abyss
104053 | Depths:3 | Voluntarily entered the Abyss.
104393 | Abyss:3  | Reached skill level 10 in Polearms
104447 | Abyss:3  | Found a corrupted altar of Lugonu.
104585 | Abyss:3  | Found a corrupted altar of Lugonu.
105209 | Abyss:4  | Found a corrupted altar of Lugonu.
105266 | Abyss:5  | Found a corrupted altar of Lugonu.
105270 | Abyss:5  | Was forgiven by Gozag
105274 | Abyss:5  | Got an abyssal rune of Zot
105280 | Depths:3 | Escaped the Abyss
105406 | Pan      | Entered Pandemonium
105763 | Pan      | Noticed Nuompes the pandemonium lord
105767 | Pan      | Killed Nuompes the pandemonium lord
106297 | Pan      | Noticed Jejaizom the pandemonium lord
106297 | Pan      | Found a huge runed translucent gate.
106297 | Pan      | Found a huge runed translucent gate.
106297 | Pan      | Found a huge runed translucent gate.
106297 | Pan      | Found a huge runed translucent gate.
106297 | Pan      | Found a huge runed translucent gate.
106297 | Pan      | Found a huge runed translucent gate.
106297 | Pan      | Found a huge runed translucent gate.
107553 | Pan      | Killed Jejaizom the pandemonium lord
107611 | Pan      | Noticed Vineigi the pandemonium lord
107614 | Pan      | Killed Vineigi the pandemonium lord
107707 | Pan      | Identified the +6 shortbow of Byitok {speed, rElec rF-
                  | rN++}
108031 | Pan      | Found an exit through the horrors of the Abyss.
108765 | Pan      | Noticed Ignacio
108778 | Pan      | Killed Ignacio
109291 | Pan      | Noticed Kyzxus Gizecw the pandemonium lord
109297 | Pan      | Killed Kyzxus Gizecw the pandemonium lord
109341 | Pan      | Got a demonic rune of Zot
109967 | Pan      | Identified a +7 trishula of holy wrath (a +5 vampiric demon
                  | trident blessed by the Shining One)
109967 | Pan      | Received a gift from the Shining One
110039 | Pan      | Noticed Tidacohaw the pandemonium lord
110048 | Pan      | Killed Tidacohaw the pandemonium lord
110710 | Pan      | Acquired a manual of Ranged Weapons
110778 | Pan      | Found an exit through the horrors of the Abyss.
110805 | Pan      | Noticed Nunat the pandemonium lord
110814 | Pan      | Killed Nunat the pandemonium lord
111882 | Pan      | Noticed Lux Hoow the pandemonium lord
111890 | Pan      | Killed Lux Hoow the pandemonium lord
113093 | Pan      | Identified the ring of the Two Names {Ice *Slow Dex+3}
113095 | Pan      | Identified the +2 ring mail of Burning Mirth {rF++ rC-}
113135 | Pan      | Found a glowing golden altar of the Shining One.
113139 | Pan      | Noticed a seraph
113145 | Pan      | Killed a seraph
113207 | Pan      | Identified the staff of Anguish {Will- SInv Conj Summ
                  | Necro}
113214 | Pan      | Identified the +6 dagger "Liopt" {heavy, Str+6}
113452 | Pan      | Identified the +7 tower shield "Opagimn" {Str+3}
113455 | Pan      | Identified the +6 tower shield of Surprise {Fly Regen+
                  | Str-3}
113486 | Pan      | Found a glowing silver altar of Zin.
114018 | Pan      | Found a white marble altar of Elyvilon.
114805 | Pan      | Noticed Gerasyll the pandemonium lord
114810 | Pan      | Killed Gerasyll the pandemonium lord
114853 | Pan      | Noticed Mennas
114857 | Pan      | Identified the +8 tower shield of Zewaoce {Rampage *Slow
                  | rF++ Regen+}
114861 | Pan      | Killed Mennas
115084 | Pan      | Found an exit through the horrors of the Abyss.
115763 | Pan      | Noticed Zeiluagi the pandemonium lord
115766 | Pan      | Killed Zeiluagi the pandemonium lord
116226 | Pan      | Noticed Haklemno the pandemonium lord
116233 | Pan      | Killed Haklemno the pandemonium lord
116700 | Pan      | Identified the +2 leather armour "Plog" {rCorr Stlth+}
117033 | Pan      | Entered the realm of Mnoleg.
117042 | Pan      | Noticed Mnoleg
117049 | Pan      | Killed Mnoleg
117070 | Pan      | Was placed under penance by the Shining One
117101 | Pan      | Was forgiven by the Shining One
117253 | Pan      | Reached skill level 27 in Fighting
117540 | Pan      | Got a glowing rune of Zot
117640 | Pan      | Found an exit through the horrors of the Abyss.
118378 | Pan      | Noticed Kifynuji the pandemonium lord
118385 | Pan      | Killed Kifynuji the pandemonium lord
118526 | Pan      | Found a runed translucent door.
118529 | Pan      | Found a runed translucent door.
118776 | Pan      | Found a runed translucent door.
118787 | Pan      | Found a runed translucent door.
119273 | Pan      | Noticed Omettisch the pandemonium lord
119277 | Pan      | Killed Omettisch the pandemonium lord
120315 | Pan      | Entered the realm of Lom Lobon.
120877 | Pan      | Found an exit through the horrors of the Abyss.
121302 | Pan      | Identified the +0 scale mail of the Earth {+Inv Dex+2
                  | Stlth+}
121412 | Pan      | Noticed Lom Lobon
121418 | Pan      | Killed Lom Lobon
121614 | Pan      | Got a magical rune of Zot
121709 | Pan      | Entered the realm of Cerebov.
121740 | Pan      | Found an exit through the horrors of the Abyss.
121904 | Pan      | Identified the ring of Hateph {rF+ rCorr Int+2 Dex+4
                  | Stlth-}
122570 | Pan      | Found the +6 sword of Cerebov {flame}
122570 | Pan      | Noticed Cerebov
122578 | Pan      | Killed Cerebov
122707 | Pan      | Identified the ring of the Disturbing Places {rPois rF+ rC-
                  | rCorr}
122709 | Pan      | Identified the staff of the Orange Skies {rPois SInv
                  | Alchemy}
122724 | Pan      | Identified the +1 falchion "Womyat" {protect, rElec rPois
                  | rCorr}
122872 | Pan      | Got a fiery rune of Zot
123548 | Pan      | Noticed Cacufal the pandemonium lord
123552 | Pan      | Killed Cacufal the pandemonium lord
124043 | Pan      | Entered the realm of Gloorx Vloq.
124453 | Pan      | Noticed Gloorx Vloq
124459 | Pan      | Killed Gloorx Vloq
124570 | Pan      | Got a dark rune of Zot
125711 | Pan      | Found an exit through the horrors of the Abyss.
125739 | Pan      | Reached skill level 27 in Armour
125807 | Pan      | Noticed Fiapruz the pandemonium lord
125817 | Pan      | Killed Fiapruz the pandemonium lord
125936 | Pan      | Identified the +1 dagger "Piom Ita" {flame, rC+ Dex+3}
126488 | Pan      | Took an exit into the Abyss.
126488 | Abyss:5  | Escaped into the Abyss
126549 | Abyss:5  | Found a corrupted altar of Lugonu.
126594 | Depths:2 | Escaped the Abyss
127243 | Hell     | Entered the Vestibule of Hell
127244 | Hell     | Noticed Geryon
127249 | Hell     | Killed Geryon
127593 | Hell     | Found a gateway to the ashen valley of Gehenna.
127700 | Hell     | Found a gateway to the decaying netherworld of Tartarus.
127829 | Hell     | Found a gateway to the freezing wastes of Cocytus.
127923 | Hell     | Found a gateway to the Iron City of Dis.
127997 | Hell     | Upgraded the game from 0.32-a0-898-g7811c86cf0 to
                  | 0.32-a0-913-g739538afd8
128159 | Zig:1    | Entered Level 1 of a ziggurat
128177 | Zig:2    | Entered Level 2 of a ziggurat
128187 | Zig:2    | Identified the +7 rapier "Hulk" {holy, rElec Int+2}
128193 | Zig:3    | Entered Level 3 of a ziggurat
128243 | Zig:4    | Entered Level 4 of a ziggurat
128285 | Zig:5    | Entered Level 5 of a ziggurat
128321 | Zig:5    | Identified the ring of Ogennuen {Fire +Blink Will- Int-3
                  | SInv}
128325 | Zig:6    | Entered Level 6 of a ziggurat
128370 | Zig:7    | Entered Level 7 of a ziggurat
128422 | Zig:8    | Entered Level 8 of a ziggurat
128429 | Zig:8    | Found the +3 warlock's mirror {omnireflect}
128430 | Zig:8    | Noticed a Killer Klown
128431 | Zig:8    | Killed a Killer Klown
128452 | Zig:8    | Identified the ring of Wonder {rF+ Str+2 SInv}
128466 | Zig:9    | Entered Level 9 of a ziggurat
128533 | Zig:10   | Entered Level 10 of a ziggurat
128681 | Zig:10   | Identified the staff of Iheac {+Blink rN+ Int+2 Hexes
                  | Necro}
128683 | Zig:10   | Identified the +4 war axe of Wrongful Imprisonment
                  | {antimagic, rElec Dex+3}
128684 | Zig:10   | Identified the amulet "Nattuosma" {rPois RegenMP+ Int+4}
128690 | Zig:10   | Identified the staff of Lies {rPois rF- rCorr Dex-3 Earth
                  | Alchemy}
128723 | Zig:11   | Entered Level 11 of a ziggurat
128814 | Zig:11   | Identified the ring "Ileli" {Fly rN+++ rCorr Str-2 Dex+6}
128819 | Zig:11   | Identified the +3 orcbow of Severance {antimagic, +Blink}
128827 | Zig:11   | Identified the +2 ring mail "Codaijihu" {Will++}
128828 | Zig:11   | Identified the +11 great mace "Gunekogu" {spect, rCorr
                  | Dex+3 Stlth+}
128855 | Zig:12   | Entered Level 12 of a ziggurat
128896 | Zig:12   | Identified the +4 flail of Conservatism {speed, Will+ MP+9
                  | Dex+3 SInv}
128899 | Zig:12   | Identified the +3 hat of the Fiend {Rampage rElec rC-
                  | Int+3}
128907 | Zig:12   | Identified the ring "Buremp" {Fire rCorr SInv}
128938 | Zig:13   | Entered Level 13 of a ziggurat
128944 | Zig:13   | Noticed a Killer Klown
128945 | Zig:13   | Noticed a Killer Klown
128948 | Zig:13   | Noticed Piogg the pandemonium lord
128949 | Zig:13   | Killed a Killer Klown
128950 | Zig:13   | Killed a Killer Klown
128950 | Zig:13   | Noticed a Killer Klown
128953 | Zig:13   | Killed a Killer Klown
128954 | Zig:13   | Killed Piogg the pandemonium lord
129084 | Zig:14   | Entered Level 14 of a ziggurat
129102 | Zig:14   | Noticed Irphea the pandemonium lord
129103 | Zig:14   | Killed Irphea the pandemonium lord
129108 | Zig:14   | Found the +2 hood of the Assassin {Detect Stab+ Stlth++}
129118 | Zig:14   | Identified the death talisman of Gravity {rCorr Dex+4}
129126 | Zig:14   | Identified the +3 broad axe of Riphuo {freeze, rN+ rCorr
                  | Dex+3}
129130 | Zig:14   | Identified the +7 orcbow of Pesidud {heavy, +Blink rN+
                  | rCorr}
129134 | Zig:14   | Identified the +1 leather armour "Eminuij" {Dex+7}
129136 | Zig:14   | Reached skill level 27 in Shields
129142 | Zig:15   | Entered Level 15 of a ziggurat
129163 | Zig:15   | Reached skill level 15 in Evocations
129168 | Zig:15   | Noticed a dread lich
129171 | Zig:15   | Killed a dread lich
129330 | Zig:15   | Found the +6 lightning scales {swift, rElec}
129346 | Zig:15   | Identified the +9 ice dragon scales of Qeddiofi {rPois rF-
                  | rC++}
129347 | Zig:15   | Identified the amulet "Wemufoy" {Regen+ Slay+2}
129489 | Zig:16   | Entered Level 16 of a ziggurat
129562 | Zig:16   | Was placed under penance by the Shining One
129724 | Zig:16   | Identified the +8 shortbow of Revolt {speed, MP+9 Str+2
                  | Dex-4}
129733 | Zig:16   | Identified the +6 morningstar of Disharmony {freeze, ^Drain
                  | rC+ MP+9 Str+4}
129735 | Zig:16   | Identified the staff "Nion" {rElec rN++ Str+2 Air}
129737 | Zig:16   | Identified the +1 spear "Dragonslayer" {chaos, rPois rN+}
129742 | Zig:17   | Entered Level 17 of a ziggurat
129864 | Zig:17   | Was forgiven by the Shining One
129911 | Zig:17   | Identified the +10 scimitar of Gloom {venom, ^Fragile
                  | +Blink rElec Str+8}
129922 | Zig:17   | Identified the +8 lajatang of Chance {antimagic, Fly rN+
                  | Str+3}
129936 | Zig:17   | Identified the +8 shadow dragon scales of Death Resistance
                  | {Rampage rF+ rC+ Regen+ Dex-2 Stlth++++}
129985 | Zig:18   | Entered Level 18 of a ziggurat
130003 | Zig:18   | Noticed a royal mummy
130008 | Zig:18   | Killed a royal mummy
130021 | Zig:18   | Noticed a royal mummy
130027 | Zig:18   | Killed a royal mummy
130034 | Zig:18   | Noticed a royal mummy
130038 | Zig:18   | Killed a royal mummy
130190 | Zig:18   | Identified the ring "Jemn" {Str+4 Int+2 Dex+3 SInv}
130234 | Zig:19   | Entered Level 19 of a ziggurat
130444 | Zig:19   | Found the +7 sceptre of Torment {pain, torment}
130450 | Zig:19   | Identified the death talisman "Pexefeok" {rCorr Dex+3}
130454 | Zig:19   | Identified the ring of Prescription {rF+ rN+ Dex+6 Slay+6}
130466 | Zig:19   | Identified the ring of Jyzy {*Slow rElec Will+++ rCorr
                  | SInv}
130510 | Zig:20   | Entered Level 20 of a ziggurat
130817 | Zig:20   | Identified the +5 plate armour "Wamerhi" {rPois rCorr}
130829 | Zig:20   | Identified the +5 scale mail "Wetwaynu" {^Drain rPois
                  | Regen+ Slay+6}
130832 | Zig:20   | Identified the ring of Moderation {Wiz Int+3}
130838 | Zig:20   | Identified the +7 lajatang of the Forgotten Knives {spect,
                  | *Rage *Corrode +Blink Dex+9}
130843 | Zig:20   | Identified the staff of Qetierpho {rElec rN+ Conj Necro}
130856 | Zig:20   | Lost mutation: You have very sharp teeth. [potion of
                  | mutation]
130856 | Zig:20   | Lost mutation: You are agile. (Dex +4, Str/Int -1) [potion
                  | of mutation]
130856 | Zig:20   | Lost mutation: A frigid envelope surrounds you and freezes
                  | all who hurt you. [potion of mutation]
130857 | Zig:20   | Lost mutation: You are somewhat resistant to further
                  | mutation. [potion of mutation]
130857 | Zig:20   | Lost mutation: You are very weak. (Str -4) [potion of
                  | mutation]
130857 | Zig:20   | Lost mutation: You are weak. (Str -2) [potion of mutation]
130857 | Zig:20   | Gained mutation: Your mind is acute. (Int +4, Str/Dex -1)
                  | [potion of mutation]
130858 | Zig:20   | Lost mutation: You are robust. (+10% HP) [potion of
                  | mutation]
130858 | Zig:20   | Lost mutation: Your mind is acute. (Int +4, Str/Dex -1)
                  | [potion of mutation]
130858 | Zig:20   | Lost mutation: You are covered in fur. (AC +1) [potion of
                  | mutation]
130859 | Zig:20   | Lost mutation: You occasionally lose the ability to read
                  | scrolls when taking damage. [potion of mutation]
130859 | Zig:20   | Lost mutation: You are resistant to electric shocks.
                  | (rElec) [potion of mutation]
130859 | Zig:20   | Lost mutation: Armour fits poorly on your strangely shaped
                  | body. [potion of mutation]
130859 | Zig:20   | Gained mutation: You are weak. (Str -2) [potion of
                  | mutation]
130859 | Zig:20   | Gained mutation: You sometimes lose your temper in combat.
                  | [potion of mutation]
130859 | Zig:20   | Gained mutation: You have very sharp teeth. [potion of
                  | mutation]
130860 | Zig:20   | Lost mutation: You have very sharp teeth. [potion of
                  | mutation]
130860 | Zig:20   | Lost mutation: You are weak. (Str -2) [potion of mutation]
130860 | Zig:20   | Lost mutation: You sometimes lose your temper in combat.
                  | [potion of mutation]
130860 | Zig:20   | Gained mutation: Your natural rate of healing is unusually
                  | fast. [potion of mutation]
130860 | Zig:20   | Gained mutation: You are agile. (Dex +4, Str/Int -1)
                  | [potion of mutation]
130860 | Zig:20   | Gained mutation: You possess an exceptional clarity of
                  | mind. [potion of mutation]
130865 | Zig:21   | Entered Level 21 of a ziggurat
130901 | Zig:21   | Noticed a royal mummy
130907 | Zig:21   | Killed a royal mummy
130908 | Zig:21   | Reached skill level 1 in Long Blades
130913 | Zig:21   | Noticed a royal mummy
130913 | Zig:21   | Noticed a royal mummy
130916 | Zig:21   | Killed a royal mummy
130917 | Zig:21   | Killed a royal mummy
130919 | Zig:21   | Noticed a royal mummy
130928 | Zig:21   | Killed a royal mummy
130929 | Zig:21   | Reached skill level 5 in Long Blades
130938 | Zig:21   | Noticed a royal mummy
130938 | Zig:21   | Noticed a royal mummy
130944 | Zig:21   | Killed a royal mummy
130947 | Zig:21   | Noticed a royal mummy
130949 | Zig:21   | Killed a royal mummy
130956 | Zig:21   | Killed a royal mummy
130957 | Zig:21   | Noticed a royal mummy
130961 | Zig:21   | Killed a royal mummy
130962 | Zig:21   | Noticed a royal mummy
130978 | Zig:21   | Found the ring of the Octopus King
130979 | Zig:21   | Found the amulet of the Air {Inacc Air Fly rElec RMsl}
130985 | Zig:21   | Identified the +0 scale mail of the Pink Corner {^Drain
                  | Will+++ rCorr Str-4}
130986 | Zig:21   | Identified the +5 quarterstaff "Ygul" {pain, *Slow rN+
                  | Int+2}
131009 | Zig:21   | Killed a royal mummy
131623 | Zig:21   | Identified a ring of the Octopus King {rCorr HP+2 AC+2 EV+2
                  | SH+2}
131671 | Zig:22   | Entered Level 22 of a ziggurat
131713 | Zig:22   | Noticed a shard shrike
131713 | Zig:22   | Noticed a shard shrike
131714 | Zig:22   | Was placed under penance by the Shining One
131715 | Zig:22   | Killed a shard shrike
131715 | Zig:22   | Killed a shard shrike
131746 | Zig:22   | Was forgiven by the Shining One
131751 | Zig:22   | Noticed a shard shrike
131776 | Zig:22   | Reached skill level 10 in Long Blades
131910 | Zig:22   | Noticed a shard shrike
131914 | Zig:22   | Killed a shard shrike
131925 | Zig:22   | Killed a shard shrike
131971 | Zig:22   | Noticed a shard shrike
131976 | Zig:22   | Killed a shard shrike
131992 | Zig:22   | Noticed a shard shrike
131998 | Zig:22   | Killed a shard shrike
132261 | Zig:22   | Identified the ring of Pirch {rF+ Str+6 Int+6 Stlth-}
132279 | Zig:22   | Identified the +0 hat of the Mind {rF+ Will+++ Str+3
                  | Stlth-}
132288 | Zig:22   | Identified the amulet "Buamparigh" {Acrobat Harm rElec
                  | Str-5}
132292 | Zig:22   | Identified the +8 plate armour of Cauzoj {rElec Int+4}
132300 | Zig:22   | Identified the +3 chain mail of Arauroor {*Corrode rC+ rN+
                  | SInv}
132389 | Zig:23   | Entered Level 23 of a ziggurat
132411 | Zig:23   | Paralysed by an air elemental for 1 turns
132414 | Zig:23   | Paralysed by an air elemental for 1 turns
132418 | Zig:23   | Paralysed by an air elemental for 1 turns
132605 | Zig:23   | Found the brooch of Shielding {Spirit SH+8}
132621 | Zig:23   | Identified the amulet of Zoexiq {Spirit rN+ MP-9 Str+2}
132629 | Zig:23   | Identified the +1 chain mail "Uwauloapn" {rPois}
132647 | Zig:23   | Identified the amulet of Geruet {Reflect rCorr Str+3 SH+5}
132652 | Zig:23   | Identified the +8 battleaxe "Ciepsono" {freeze, rPois rC+
                  | Dex+2}
132659 | Zig:24   | Entered Level 24 of a ziggurat
133114 | Zig:24   | Identified the ring "Buetigam" {rN+ rCorr Str+3 Dex+2
                  | Slay+3}
133125 | Zig:24   | Identified the staff of Accord {Will+ Int-3 SInv Conj Ice}
133137 | Zig:24   | Identified the +7 sling of Deabeh {speed, rC++ Will+ Dex+2}
133140 | Zig:24   | Identified the staff "Voduol" {rF+ Str+6 Fire}
133145 | Zig:24   | Identified the +6 whip "Japlieno" {elec, Stlth+}
133152 | Zig:24   | Identified the +6 mace "Val Xieq" {vamp, Dex+5}
133153 | Zig:24   | Identified the +1 war axe "Baemann" {venom, rElec rC+
                  | Int+3}
133161 | Zig:25   | Entered Level 25 of a ziggurat
133400 | Zig:25   | Identified the +5 whip "Esapent" {spect, rN+ Will+}
133405 | Zig:25   | Identified the +1 plate armour of Fokaufy {rC- rCorr Str+2
                  | Stlth+}
133415 | Zig:25   | Identified the +0 buckler of Magic {+Blink Will- Int+3
                  | Stlth+}
133422 | Zig:25   | Identified the staff "Saniudu" {rC+ Str+3 Ice}
133423 | Zig:25   | Identified the amulet "Taprain" {Acrobat *Slow rN++ Regen+
                  | Int+6}
133437 | Zig:25   | Identified the staff "Brush" {rN+ Will++ Conj}
133534 | Zig:26   | Entered Level 26 of a ziggurat
133629 | Zig:26   | Gained mutation: Your health recovers twice as slowly from
                  | being drained. [a cacodemon]
133629 | Zig:26   | Gained mutation: You occasionally shout uncontrollably at
                  | your foes. [a cacodemon]
133635 | Zig:26   | Noticed Jusuemub the pandemonium lord
133639 | Zig:26   | Killed Jusuemub the pandemonium lord
133752 | Zig:26   | Found the +13 scythe of Curses {drain, curses, ^Drain}
133753 | Zig:26   | Found the +7 mace of Variability {chaos, chaos arc}
133756 | Zig:26   | Identified the staff "Zinuat" {rF+ rC+ Int+3 Fire}
133766 | Zig:26   | Identified the staff of Nioxi {*Corrode rC+ Int+6 Dex+2
                  | Ice}
133776 | Zig:26   | Reached skill level 27 in Dodging
133780 | Zig:26   | Identified the amulet "Usics" {Spirit Dex+2}
133783 | Zig:26   | Identified the +5 scimitar of Conformity {drain, ^Contam
                  | rPois rF- Int+2 Stlth+}
133786 | Zig:26   | Identified the +2 robe of the Merwolf {Harm rCorr SInv}
133789 | Zig:26   | Identified the +3 leather armour "Vyloawk" {rElec rC+ MP+9}
133811 | Zig:27   | Entered Level 27 of a ziggurat
133968 | Zig:27   | Identified the +4 falchion "Daari" {flame, Int+4}
133969 | Zig:27   | Identified the ring of the Death Scarab {rPois rF+ rC+
                  | Int+6 SInv}
133987 | Zig:27   | Identified the +0 scale mail of the Purple Skies {rN++
                  | Int+2}
133988 | Zig:27   | Identified the +7 long sword of Wu Jian's Whim {drain, rN++
                  | Will+ Str+3}
133994 | Zig:27   | Identified the +12 spear "Ecoera" {heavy, ^Fragile rF-
                  | Int+7}
133998 | Zig:27   | Identified the +6 arbalest of the Snake Pit {heavy, Dex+3}
134723 | Coc:1    | Entered Level 1 of Cocytus
134824 | Coc:2    | Noticed a shard shrike
134826 | Coc:2    | Noticed a shard shrike
134826 | Coc:2    | Noticed a shard shrike
134828 | Coc:2    | Killed a shard shrike
134828 | Coc:2    | Killed a shard shrike
134828 | Coc:2    | Noticed a shard shrike
134830 | Coc:2    | Killed a shard shrike
134831 | Coc:2    | Killed a shard shrike
135452 | Coc:4    | You are sucked into a shaft and drop 2 floors!
135716 | Coc:7    | Entered Level 7 of Cocytus
135895 | Coc:7    | Paralysed by a wendigo for 1 turns
135971 | Coc:7    | Identified the staff of Rasic {Dex+5 Conj}
136230 | Coc:7    | Reached skill level 27 in Evocations
136519 | Coc:7    | Noticed Antaeus
136523 | Coc:7    | Killed Antaeus
136624 | Coc:7    | Identified the +11 sling of Ad Valorem {elec, Will+ Str+3}
136628 | Coc:7    | Got an icy rune of Zot
137280 | Coc:7    | Identified the ring of Zisij {rF+ Stlth+}
137285 | Coc:7    | Identified the +8 shortbow of False Hope {heavy, rElec
                  | rCorr}
137493 | Geh:1    | Entered Level 1 of Gehenna
138042 | Geh:7    | Entered Level 7 of Gehenna
138474 | Geh:7    | Noticed the Serpent of Hell
138476 | Geh:7    | Killed the Serpent of Hell
138808 | Geh:7    | Identified the +0 chain mail of the Wumpus {rC+ Str+5}
139082 | Geh:7    | Found the +13 sceptre of Asmodeus
139082 | Geh:7    | Noticed Asmodeus
139087 | Geh:7    | Killed Asmodeus
139155 | Geh:7    | Got an obsidian rune of Zot
139301 | Tar:1    | Entered Level 1 of Tartarus
139312 | Tar:1    | Noticed an ancient lich
139316 | Tar:1    | Killed an ancient lich
139572 | Tar:2    | Reached skill level 15 in Long Blades
139657 | Tar:2    | Identified the +6 tower shield of the Thieving Gods {Str+4}
139890 | Tar:3    | Reached skill level 27 in Invocations
140319 | Tar:7    | Entered Level 7 of Tartarus
141604 | Tar:7    | Identified the staff of the Ring {+Blink rPois Alchemy}
141936 | Tar:7    | Noticed Ereshkigal
141950 | Tar:7    | Killed Ereshkigal
142099 | Tar:7    | Identified the +7 rapier "Ziqowi" {elec, rF+ SInv}
142105 | Tar:7    | Got a bone rune of Zot
142113 | Tar:7    | Identified the +6 great sword of Ointment {drain, rPois
                  | SInv}
142329 | Dis:1    | Entered Level 1 of the Iron City of Dis
142569 | Dis:2    | Noticed an ancient lich
142572 | Dis:2    | Killed an ancient lich
142918 | Dis:7    | Entered Level 7 of the Iron City of Dis
143649 | Dis:7    | Noticed a juggernaut
143653 | Dis:7    | Killed a juggernaut
143742 | Dis:7    | Identified the +6 war axe of the Well-Known Wishes {pain,
                  | ^Drain Will+++ Str+5 Dex-3}
143928 | Dis:7    | Noticed a juggernaut
143934 | Dis:7    | Killed a juggernaut
144801 | Dis:7    | Noticed a juggernaut
144809 | Dis:7    | Killed a juggernaut
144926 | Dis:7    | Noticed Dispater
144931 | Dis:7    | Killed Dispater
145071 | Dis:7    | Got an iron rune of Zot
145529 | Tomb:1   | Entered Level 1 of the Tomb of the Ancients
146788 | Tomb:1   | Noticed a royal mummy
146791 | Tomb:1   | Killed a royal mummy
146792 | Tomb:1   | Reached skill level 5 in Throwing
147246 | Tomb:2   | Noticed a royal mummy
147248 | Tomb:2   | Noticed a royal mummy
147248 | Tomb:2   | Noticed a royal mummy
147259 | Tomb:2   | Killed a royal mummy
147277 | Tomb:2   | Killed a royal mummy
147279 | Tomb:2   | Killed a royal mummy
147283 | Tomb:2   | Noticed a royal mummy
147287 | Tomb:2   | Killed a royal mummy
147872 | Tomb:1   | Noticed a royal mummy
147872 | Tomb:1   | Noticed a royal mummy
147875 | Tomb:1   | Killed a royal mummy
147878 | Tomb:1   | Killed a royal mummy
147897 | Tomb:1   | Noticed a royal mummy
147901 | Tomb:1   | Killed a royal mummy
147902 | Tomb:1   | Noticed a royal mummy
147906 | Tomb:1   | Killed a royal mummy
147917 | Tomb:1   | Noticed a royal mummy
147921 | Tomb:1   | Killed a royal mummy
147959 | Tomb:1   | Noticed a royal mummy
147963 | Tomb:1   | Killed a royal mummy
148015 | Tomb:1   | Noticed a royal mummy
148018 | Tomb:1   | Killed a royal mummy
148084 | Tomb:1   | Noticed a royal mummy
148089 | Tomb:1   | Killed a royal mummy
148198 | Tomb:1   | Noticed a royal mummy
148201 | Tomb:1   | Killed a royal mummy
148337 | Tomb:1   | Noticed a royal mummy
148340 | Tomb:1   | Noticed a royal mummy
148342 | Tomb:1   | Killed a royal mummy
148343 | Tomb:1   | Killed a royal mummy
148517 | Tomb:1   | Noticed a royal mummy
148521 | Tomb:1   | Killed a royal mummy
148542 | Tomb:1   | Noticed a royal mummy
148547 | Tomb:1   | Killed a royal mummy
148649 | Tomb:1   | Noticed a royal mummy
148655 | Tomb:1   | Killed a royal mummy
148778 | Tomb:1   | Noticed a royal mummy
148782 | Tomb:1   | Killed a royal mummy
148782 | Tomb:1   | Noticed a royal mummy
148811 | Tomb:1   | Killed a royal mummy
148886 | Tomb:1   | Noticed a royal mummy
148890 | Tomb:1   | Killed a royal mummy
148997 | Tomb:1   | Noticed a royal mummy
149003 | Tomb:1   | Killed a royal mummy
149071 | Tomb:1   | Noticed a royal mummy
149075 | Tomb:1   | Killed a royal mummy
149134 | Tomb:1   | Noticed a royal mummy
149138 | Tomb:1   | Killed a royal mummy
149138 | Tomb:1   | Noticed a royal mummy
149141 | Tomb:1   | Noticed a royal mummy
149142 | Tomb:1   | Killed a royal mummy
149145 | Tomb:1   | Killed a royal mummy
149450 | Tomb:2   | Reached skill level 10 in Throwing
149643 | Tomb:3   | Entered Level 3 of the Tomb of the Ancients
149659 | Tomb:3   | Found the +8 storm bow {elec, penet}
149672 | Tomb:3   | Noticed a royal mummy
149674 | Tomb:3   | Noticed a royal mummy
149674 | Tomb:3   | Noticed a royal mummy
149674 | Tomb:3   | Noticed a royal mummy
149678 | Tomb:3   | Killed a royal mummy
149683 | Tomb:3   | Killed a royal mummy
149687 | Tomb:3   | Killed a royal mummy
149690 | Tomb:3   | Killed a royal mummy
149690 | Tomb:3   | Noticed a royal mummy
149693 | Tomb:3   | Noticed a royal mummy
149694 | Tomb:3   | Killed a royal mummy
149708 | Tomb:3   | Killed a royal mummy
149714 | Tomb:3   | Noticed a royal mummy
149718 | Tomb:3   | Killed a royal mummy
149842 | Tomb:3   | Noticed a royal mummy
149847 | Tomb:3   | Killed a royal mummy
149883 | Tomb:3   | Noticed a royal mummy
149887 | Tomb:3   | Killed a royal mummy
150277 | Tomb:3   | Got a golden rune of Zot
150368 | Tomb:3   | Identified the +0 chain mail "Hibul" {rF+}
150377 | Tomb:3   | Identified the ring of Ymalacviu {rElec rPois rN++}
151012 | Zot:5    | Got the Orb of Zot
151087 | Zot:4    | Identified the +2 robe "Jiack" {Regen+ Int+2}
151087 | Zot:4    | Noticed Boris
151091 | Zot:4    | Killed Boris
151485 | D:8      | Noticed Costrulus the pandemonium lord
151580 | D:3      | Reached skill level 27 in Long Blades
151666 | D:$      | Escaped with the Orb!

Illustrated notes

Levels and vault maps discovered:
D:1:      lemuel_arrival_rhombus, layout_rooms,
          nicolae_ecumenical_snake_handling, st_stairs_5
D:2:      layout_basic, basic_altar, uniq_terence
D:3:      minmay_bubble_buster, layout_basic, serial_shops, nicolae_diamond_shop
D:4:      kennysheep_big_flooded_room, layout_cave_pools, minmay_hedge_maze
D:5:      layout_cave_pools, serial_glass, glass_columns_c, glass_columns_b,
          uniq_sigmund
D:6:      layout_loops_cross, gammafunk_ghost_abyssal_escape
D:7:      layout_loops_cross, mainiacjoe_overflow_alcove_3,
          minmay_temple_entry_tees, serial_bayou, serial_bayou_lagoon_a,
          serial_bayou_shore_b, serial_bayou_pond_e, serial_bayou_pond_a,
          enter_bailey_5, minmay_tree_intersection
D:8:      layout_basic, serial_shops, shop, nicolae_shop_hallway_plus,
          hangedman_decor_clover_reticule
D:9:      minmay_the_grid_octo_tiled_octocenter [minmay_the_grid_octo_clover,
          minmay_the_grid_octo_vomiting_pacman, minmay_the_grid_octo_shrine,
          minmay_the_grid_octo_thin_diamonds,
          minmay_the_grid_octo_prize_ultimate_mussel_roller,
          minmay_the_grid_square_5x5_forky, minmay_the_grid_square_5x5_one_wall,
          minmay_the_grid_square_5x5_hollow_slash,
          minmay_the_grid_square_5x5_detours], layout_rooms
D:10:     dreamdust_cave_troll, layout_loops_corners, hellmonk_lair_entry_icy,
          minmay_orc_entry_temple_small, minmay_radiant
D:11:     layout_rooms, serial_shops, nicolae_shop_behind_doors,
          hellmonk_sif_muna_bookshelves, uniq_harold, uniq_nergalle
D:12:     layout_long_grid
D:13:     layout_rooms, serial_shops, nicolae_shop_drivethru,
          portal_ice_cave_rime, minmay_evil_grid
D:14:     layout_basic, skrybe_vaults_entry_preservation, roderic_lattice_a,
          serial_glass, glass_columns_a, glass_columns_b, glass_columns_c,
          glass_columns_a, glass_columns_a, glass_columns_b,
          nicolae_figureground_pulse
D:15:     hellmonk_depths_entry_around_the_bend, layout_cave_pools, zin_angel
Temple:   hc_temple_tempest_star
Lair:1:   layout_hall_layers, serial_bayou_pond_e, grunt_megastairs_1,
          lemuel_fruit_tree
Lair:2:   layout_roguey, spider_nest_entry_rubble, special_room
          [special_room_bee]
Lair:3:   layout_loops_ring, elwin_shoals_entry_rocks, roderic_carrion_pond,
          minivault_24, chequers_serial_rivers_small_b, serial_bayou_shore_b,
          infiniplex_staircase_pool
Lair:4:   layout_misc_corridors, kennysheep_rathole
Lair:5:   evilmike_catoblepas_cave, layout_cellular_growth, slime_entry_1,
          nicolae_lair_liquid_snakes
Shoals:1: layout_shoals, serial_shops, shop, nicolae_shop_pleasant_corner_grove,
          shop, nicolae_shop_crystal, nicolae_shop_tiny_glass, uniq_jorgrun
Shoals:2: layout_shoals, centaur_isle, uniq_mlioglotl
Shoals:3: layout_shoals, uniq_ilsuiw, uniq_polyphemus
Shoals:4: shoals_end_simple, layout_shoals
Spider:1: cheibrodos_spider_silkery, uniq_donald, uniq_kirke
Spider:2: layout_spider_delve, nicolae_spider_circle_web
Spider:3: layout_cave_pods
Spider:4: guppyfry_spider_rune, hangedman_spider_tarantella_strand, uniq_arachne
Slime:1:  layout_caves
Slime:2:  layout_caves
Slime:3:  layout_caves
Slime:4:  layout_caves, cheibrodos_slime_lost_civilization_7
Slime:5:  slime_pit_nicolae_block_by_block
Orc:1:    layout_caves, nicolae_orc_stony_grotto, uniq_gastronok
Orc:2:    st_orc_open, layout_diamond_mine, basic_altar,
          nicolae_orc_found_a_spring, bh_open_orc_temple, uniq_josephine
Elf:1:    elf_arrival_001, layout_loops_cross, ebering_ghost_inner_flame,
          hangedman_elven_crosses_minicolossus, nicolae_elf_big_sculpture_3
Elf:2:    elven_hall_of_blades_hangedman_alternative
          [nicolae_vaults_blade_armed_guards], layout_loops_ring
Elf:3:    minmay_elf_hall_spiked, layout_loops_corners, uniq_louise
Vaults:1: v_misc_5, v_misc_15, nicolae_vaults_network_square,
          nicolae_vaults_turnstiles, v_misc_25, nicolae_vaults_little_squares_4,
          nicolae_vaults_security_offices_2, vaults_room_pools,
          nicolae_vaults_closet_pinwheel_1, nicolae_vaults_octothorpe,
          nicolae_vaults_tetromino_T_2, vaults_room_corners,
          nicolae_vaults_surprise_closet, vaults_room_pools,
          layout_vaults_omnigrid, serial_shops, shop
Vaults:2: vaults_room_large_hall, nicolae_vaults_hallways_thing,
          nicolae_vaults_storage_closets_2, hangedman_vaults_capsules,
          nicolae_vaults_little_ls, minmay_crypt_entry_simple_round,
          nicolae_whirlpool, nicolae_vaults_mini_display_case,
          nicolae_vaults_trapezoid_lopsided_3, ontoclasm_vaults_tryst,
          nicolae_vaults_network_star, v_rooms_6,
          nicolae_vaults_taking_the_gang_shopping, layout_vaults_omnibox
Vaults:3: v_alt_pattern_2, nicolae_vaults_shrinking_rooms_1,
          grunt_vaults_hallway_short, v_misc_31,
          ontoclasm_vaults_loading_screen, nicolae_vaults_closet_pinwheel_3,
          vaults_room_grid, nicolae_vaults_wine_cellar,
          nicolae_vaults_more_shelving_2, st_smaller_cells, layout_vaults_ring,
          serial_shops, nicolae_shop_competitors_out_of_business, uniq_asterion
Vaults:4: nicolae_vaults_frosty_reception, nicolae_vaults_border_crossing,
          nicolae_vaults_trapezoid_4, nicolae_vaults_closet_pinwheel_3,
          nicolae_vaults_tetromino_T_2, vaults_room_fours, vaults_mumra_hexcomb,
          v_alt_pattern_6, st_cross, nicolae_vaults_house_1,
          nicolae_vaults_tetromino_L_1, nicolae_vaults_house_2,
          layout_vaults_big_room, serial_shops, shop
Vaults:5
Crypt:1:  layout_basic, roderic_lattice_octagonal_star,
          grunt_crypt_arrival_webbed, grunt_megastairs_4
Crypt:2:  lemuel_minitomb, layout_gridlike
Crypt:3:  david_glass_crypt, layout_gridlike,
          nicolae_tomb_entry_unfolded_pyramid_diagonal
Tomb:1
Tomb:2
Tomb:3
Depths:1: layout_gridlike, enter_ziggurat_f, xom_redecorated,
          pf_hell_entry_great_geh, pan_entry, minmay_metal_thing,
          kennysheep_cross_landing
Depths:2: minmay_ornate_pinched, layout_gridlike, hell_entry, abyss_entry,
          rand_demon_pan_entry_9, mu_enter_wizlab_5, nrook_kobold_shadow_demons
Depths:3: kennysheep_large_spiral, layout_gridville, hell_entry, abyss_entry,
          serial_shops, nicolae_shop_tiny_real_fake_doors,
          chequers_serial_rivers_micro_d, nicolae_diode_quadrants, uniq_parghit,
          uniq_xtahua, uniq_boris
Depths:4: grunt_zot_entry_hairpin, layout_basic, dreamdust_wishing_well,
          hell_entry, grunt_megastairs_2
Hell
Dis:1:    layout_gridville
Dis:2:    hangedman_iron_city_apartments
Dis:3:    layout_subdivisions, nicolae_dis_fourth_circle
Dis:4:    layout_gridville
Dis:5:    nicolae_dis_heavy_handed_symbolism
Dis:6:    layout_gridville
Dis:7:    dis_hangedman
Geh:1:    layout_gehenna_lava_caves
Geh:2:    layout_gehenna_lava_caves, nicolae_hells_seeping_fissure
Geh:3:    layout_gehenna_pools_box, hangedman_hellfire_club
Geh:4:    layout_gehenna_pools_box
Geh:5:    layout_gehenna_lava_caves
Geh:6:    layout_gehenna_lava_caves
Geh:7:    evilmike_geh
Coc:1:    layout_cocytus_delve, nicolae_coc_kraken_the_ice
Coc:2:    layout_ice_bergs
Coc:3:    nicolae_coc_naught_crossing, layout_ice_bergs
Coc:4:    layout_cocytus_water_paths
Coc:6:    layout_ice_bergs
Coc:7:    coc_mu
Tar:1:    layout_honeycomb
Tar:2:    layout_honeycomb, nicolae_tar_cuneiform_heaven,
          nicolae_tar_spectre_spectrum
Tar:3:    layout_catacombs
Tar:4:    layout_cathedral_of_symmetry, nicolae_tar_cuneiform_sun
Tar:5:    layout_catacombs
Tar:6:    layout_catacombs
Tar:7:    tar_minmay_river
Zot:1:    layout_misc_corridors, regret_index_zotdec_twisting_globes
Zot:2:    hellmonk_paralyzer, layout_misc_corridors,
          regret_index_zotdec_alabaster_prism
Zot:3:    grunt_twist_and_shout, layout_concentric_octagons, skrybe_zot_glass_1,
          lemuel_elevator
Zot:4:    dreamdust_zin_vs_xom, layout_misc_corridors,
          hangedman_elemental_grid_stream
Zot:5:    layout_cathedral_of_symmetry, hangedman_zot_decor_slant

Skill      XL: |  1  2  3  4  5  6  7  8  9 10 11 12 13 14 15 16 17 18 19 20 21 22 23 24 25 26 27 |
---------------+----------------------------------------------------------------------------------+-----
Short Blades   | 2 4 6 9 10 | 10.0
Spellcasting   | 1 2 3 4 5 7 9 10 11 13 14 15 16 17 19 20 21 22 27 | 27.0
Conjurations   | 1 2 3 4 5 7 9 10 11 13 14 15 16 17 19 20 21 24 27 | 27.0
Hexes          | 1 2 3 4 5 7 9 10 11 13 14 15 16 17 19 20 21 22 27 | 27.0
Summonings     | 1 2 3 4 5 7 9 10 11 13 14 15 16 17 19 20 21 22 27 | 27.0
Necromancy     | 1 2 3 4 5 7 9 10 11 13 14 15 16 17 19 20 21 22 27 | 27.0
Translocations | 1 2 3 4 5 7 9 10 11 13 14 15 16 17 19 20 21 22 27 | 27.0
Fire Magic     | 1 2 3 4 5 7 9 10 11 13 14 15 16 17 19 20 21 22 27 | 27.0
Ice Magic      | 1 2 3 4 5 7 9 10 11 13 14 15 16 17 19 20 21 22 27 | 27.0
Air Magic      | 1 2 3 4 5 7 9 10 11 13 14 15 16 17 19 20 21 22 27 | 27.0
Earth Magic    | 1 2 3 4 5 7 9 10 11 13 14 15 16 17 19 20 21 22 27 | 27.0
Alchemy        | 1 2 3 4 5 7 9 10 11 13 14 15 16 17 19 20 21 22 27 | 27.0
Evocations     | 2 5 6 8 11 12 13 14 27 | 27.0
Throwing       | 1 12 | 12.2
Fighting       | 4 6 7 9 10 11 12 14 15 16 27 | 27.0
Maces & Flails | 1 4 6 |  6.0
Dodging        | 4 8 9 11 14 27 | 27.0
Armour         | 6 7 12 14 18 20 27 | 27.0
Shields        | 5 7 12 14 27 | 27.0
Invocations    | 27 | 27.0
Polearms       | 14 | 14.0
Long Blades    | 27 | 27.0
Stealth        | |  4.1

Action                     |  1- 3 |  4- 6 |  7- 9 | 10-12 | 13-15 | 16-18 | 19-21 | 22-24 | 25-27 || total
---------------------------+-------+-------+-------+-------+-------+-------+-------+-------+-------++-------
  Melee: Dagger            |    49 |    49 |     6 |    78 |   784 |   419 |   749 |   144 |       ||  2278
         Short sword       |     6 |       |       |       |       |       |       |       |       ||     6
         Whip              |       |       |     1 |   115 |    70 |    22 |       |       |       ||   208
         War axe           |       |       |       |       |       |     6 |       |       |       ||     6
         Rapier            |       |       |       |       |       |       |       |    36 |     2 ||    38
         Scimitar          |       |       |       |       |       |       |       |       |   988 ||   988
         Trident           |       |       |       |       |       |       |       |       |   367 ||   367
         Bite              |       |       |       |       |       |       |       |       |    96 ||    96
         Trishula          |       |       |       |       |       |       |       |       |    34 ||    34
  Throw: Boomerang         |       |     3 |     3 |    41 |     3 |       |       |       |       ||    50
         Dart              |       |       |     8 |    24 |    39 |     8 |     1 |       |     3 ||    83
   Cast: Necrotise         |     7 |    69 |   156 |   160 |   107 |    41 |     8 |       |       ||   548
         Static Discharge  |       |    48 |   119 |   256 |    14 |     3 |     3 |     1 |       ||   444
         Ozocubu's Armour  |       |       |    25 |    62 |    61 |    32 |    26 |     4 |    43 ||   253
         Inner Flame       |       |       |     5 |       |       |       |     3 |       |       ||     8
         Petrify           |       |       |       |    30 |   468 |   375 |   538 |   139 |     3 ||  1553
         Summon Forest     |       |       |       |       |    39 |    39 |    20 |    13 |    17 ||   128
         Starburst         |       |       |       |       |    49 |   154 |   147 |    96 |   197 ||   643
         Death Channel     |       |       |       |       |       |    21 |    12 |     7 |    10 ||    50
         Conjure Ball Ligh |       |       |       |       |       |       |    18 |    27 |       ||    45
         Maxwell's Capacit |       |       |       |       |       |       |       |   104 |  1342 ||  1446
         Malign Gateway    |       |       |       |       |       |       |       |     9 |    16 ||    25
         Chain Lightning   |       |       |       |       |       |       |       |       |  2352 ||  2352
         Polar Vortex      |       |       |       |       |       |       |       |       |    53 ||    53
 Invoke: Potion Petition   |       |       |       |     1 |       |       |       |       |       ||     1
         Cleansing Flame   |       |       |       |       |       |       |       |       |    19 ||    19
         Call Merchant     |       |       |       |       |       |       |       |       |    13 ||    13
         Divine Shield     |       |       |       |       |       |       |       |       |    12 ||    12
         Summon Divine War |       |       |       |       |       |       |       |       |     2 ||     2
         Brand Weapon With |       |       |       |       |       |       |       |       |     1 ||     1
Ability: Evoke Blink       |       |       |       |       |       |       |       |     4 |     2 ||     6
  Evoke: Wand              |     3 |       |     1 |    18 |     4 |     8 |    13 |       |    29 ||    76
         Sack of spiders   |       |       |       |     1 |     2 |     2 |     1 |     2 |     1 ||     9
         Lightning rod     |       |       |       |       |       |     6 |     7 |       |    13 ||    26
         Condenser vane    |       |       |       |       |       |     1 |     1 |     1 |     3 ||     6
         Phantom mirror    |       |       |       |       |       |       |     2 |       |     2 ||     4
    Use: Scroll            |     2 |     2 |    13 |     7 |    12 |     5 |     6 |     6 |    62 ||   115
         Potion            |     1 |       |     3 |     7 |     3 |     3 |     5 |    10 |   110 ||   142
   Stab: Sleeping          |     3 |     5 |     5 |     1 |     3 |       |     1 |     2 |       ||    20
         Paralysed         |     2 |       |       |       |       |       |     2 |       |       ||     4
         Petrified         |       |       |       |    86 |   516 |   333 |   636 |   140 |       ||  1711
         Invisible         |       |       |       |     1 |       |       |     1 |       |       ||     2
         Petrifying        |       |       |       |    11 |    49 |     4 |    18 |     1 |       ||    83
         Distracted        |       |       |       |     1 |     3 |     4 |     4 |     1 |       ||    13
 Armour: Leather armour    |    30 |   139 |   235 |   564 |   310 |   214 |    59 |       |       ||  1551
         Skin              |       |       |       |     1 |       |       |       |       |       ||     1
         Ring mail         |       |       |       |       |       |       |   293 |   223 |   280 ||   796
         Plate armour      |       |       |       |       |       |       |       |       |   868 ||   868
         Scale mail        |       |       |       |       |       |       |       |       |   636 ||   636
         Gold dragon scale |       |       |       |       |       |       |       |       |   141 ||   141
  Dodge: Dodged            |    32 |    85 |    86 |   204 |   348 |   282 |   316 |   150 |   923 ||  2426
  Block: Other             |       |    21 |    28 |    33 |       |       |       |       |       ||    82
         Reflection        |       |     2 |     3 |    16 |     9 |    17 |    52 |    31 |   174 ||   304
         Buckler           |       |       |       |   103 |   364 |   242 |    52 |       |       ||   761
         Kite shield       |       |       |       |       |       |       |   302 |   180 |   445 ||   927
         Tower shield      |       |       |       |       |       |       |       |       |  2530 ||  2530

Table legend: (Time is in decaauts)
 A = Elapsed time spent in this place.
 B = Non-inter-level travel time spent in this place.
 C = Inter-level travel time spent in this place.
 D = Time resting spent in this place.
 E = Time spent auto-exploring this place.
 F = Levels seen in this place.
 G = Mean time per level.
                   A        B        C        D        E       F      G
               +--------+--------+--------+--------+--------+-----+--------+
         Total | 149809 | 140341 |   9468 |  53564 |  37209 | 141 | 1062.5 |
       Dungeon |  31336 |  28790 |   2546 |  15811 |   5288 |  15 | 2089.1 |
        Temple |    645 |    635 |     10 |    579 |      0 |   1 |  645.0 |
          Lair |  13373 |  12736 |    637 |   5692 |   3425 |   5 | 2674.6 |
        Shoals |   5745 |   5534 |    211 |   1529 |   1180 |   4 | 1436.2 |
   Spider Nest |   9551 |   9309 |    242 |   5487 |   1265 |   4 | 2387.8 |
    Slime Pits |   3279 |   3152 |    127 |   1104 |    357 |   5 |  655.8 |
  Orcish Mines |   2987 |   2885 |    102 |   1337 |    796 |   2 | 1493.5 |
   Elven Halls |   4216 |   4019 |    197 |    799 |   2003 |   3 | 1405.3 |
        Vaults |  11108 |  10413 |    695 |   2917 |   2863 |   5 | 2221.6 |
         Crypt |   5180 |   4688 |    492 |   1925 |   1863 |   3 | 1726.7 |
          Tomb |   4566 |   4342 |    224 |   2005 |    658 |   3 | 1522.0 |
        Depths |   8312 |   6364 |   1948 |   1819 |   2512 |   4 | 2078.0 |
          Hell |    875 |    670 |    205 |     83 |    434 |   1 |  875.0 |
           Dis |   2820 |   2675 |    145 |   1246 |     21 |   7 |  402.9 |
       Gehenna |   1700 |   1587 |    113 |    224 |     77 |   7 |  242.9 |
       Cocytus |   2584 |   2544 |     40 |    818 |    183 |   6 |  430.7 |
      Tartarus |   2873 |   2689 |    184 |    883 |     15 |   7 |  410.4 |
           Zot |   8929 |   7585 |   1344 |   2795 |   1785 |   5 | 1785.8 |
         Abyss |   2249 |   2249 |      0 |    404 |    477 |   7 |  321.3 |
   Pandemonium |  20881 |  20881 |      0 |   3288 |  11374 |  19 | 1099.0 |
      Ziggurat |   5901 |   5901 |      0 |   2347 |    633 |  27 |  218.6 |
      Ice Cave |    691 |    691 |      0 |    467 |      0 |   1 |  691.0 |
               +--------+--------+--------+--------+--------+-----+--------+

Top non-repeatable levels by time:
  Lair:5: 4408 daAuts
     D:9: 4303 daAuts
  Lair:2: 2979 daAuts
Vaults:2: 2936 daAuts
  Tomb:1: 2929 daAuts
    D:14: 2916 daAuts
Spider:4: 2879 daAuts
     D:8: 2821 daAuts
   Zot:5: 2663 daAuts
Depths:4: 2486 daAuts
Spider:1: 2478 daAuts
Spider:3: 2466 daAuts
 Slime:5: 2374 daAuts
     D:6: 2373 daAuts
     D:7: 2341 daAuts
